Workbook

Sheet 事業マスタ（管理用）
B1: 省庁名 | C1: 事業・業務名 | D1: 事業類型 | E1: 事業実施区分 | F1: 管理番号
B2: － | C2: プルダウンから選択してください。 | D2: － | E2: － | F2: 0000
B3: 内閣府 | C3: 災害救助費等負担金に関する事業 | D3: 補助金・給付金事業型 | E3: 単独型 | F3: 0001
B4: 内閣府 | C4: 原子力発電施設等緊急時安全対策交付金事業 | D4: 補助金・給付金事業型 | E4: 単独型 | F4: 0002
B5: 内閣府 | C5: 子供の未来応援地域ネットワーク形成支援事業 | D5: 補助金・給付金事業型 | E5: 単独型 | F5: 0003
B6: 内閣府 | C6: 地域女性活躍推進交付金交付業務 | D6: 補助金・給付金事業型 | E6: 単独型 | F6: 0004
B7: 内閣府 | C7: 沖縄科学技術大学院大学学園業務 | D7: 補助金・給付金事業型 | E7: 単独型 | F7: 0005
B8: 内閣府 | C8: 犯罪被害給付金事業 | D8: 補助金・給付金事業型 | E8: 単独型 | F8: 0006
B9: 内閣府 | C9: 都道府県警察費補助金事業 | D9: 補助金・給付金事業型 | E9: 単独型 | F9: 0007
B10: 内閣府 | C10: 地方消費者行政強化交付金事業 | D10: 補助金・給付金事業型 | E10: 単独型 | F10: 0008
B11: 内閣府 | C11: 地域就職氷河期世代支援加速化事業 | D11: 補助金・給付金事業型 | E11: 外部機関利用型 | F11: 0009
B12: 内閣府 | C12: 民間資金等活用事業調査等業務 | D12: 補助金・給付金事業型 | E12: 外部機関利用型 | F12: 0010
... B216: 防衛省 | C216: 安全保障技術研究推進制度事業 | D216: その他事業型 | E216: 単独型 | F216: 0213

Sheet 令和４年度
A1: 1 | B1: 2 | C1: 3 | D1: 4 | E1: 5 | F1: 6 | G1: 7 | H1: 8 | I1: 9 | J1: 10 | K1: 11 | L1: 12 | M1: 13 | N1: 14 | O1: 15 | P1: 16 | Q1: 17 | R1: 18 | S1: 19 | T1: 20 | U1: 21 | V1: 22 | W1: 23 | X1: 24 | Y1: 25 | Z1: 26 | AA1: 27 | AB1: 28 | AC1: 29 | AD1: 30 | AE1: 31 | AF1: 32 | AG1: 33 | AH1: 34 | AI1: 35 | AJ1: 36 | AK1: 37 | AL1: 38 | AM1: 39 | AN1: 40 | AO1: 41 | AP1: 42 | AQ1: 43 | AR1: 44 | AS1: 45 | AT1: 46 | AU1: 47 | AV1: 48 | AW1: 49 | AX1: 50 | AY1: 51 | AZ1: 52 | BA1: 53 | BB1: 54 | BC1: 55 | BD1: 56
G2: （円） | H2: （円） | I2: （円） | J2: （円） | K2: （円） | L2: （円） | M2: （円） | N2: （人） | O2: （円） | P2: （円） | Q2: （円） | R2: （円） | S2: （円） | T2: （円） | U2: （円） | V2: （円） | W2: （円） | X2: （人） | Y2: （円） | Z2: （％） | AA2: （円） | AB2: （円） | AC2: （円） | AD2: （％） | AE2: （％） | AH2: （円） | AK2: （円） | AN2: （円） | AQ2: （円） | AS2: （円） | AT2: （年） | AU2: （円） | AW2: （円） | AX2: （年） | AY2: （円）
B3: 省庁名 | C3: 事業・業務名 | D3: 事業類型 | E3: 事業類型の内訳 ※受益者負担事業型のみ | F3: 事業実施区分 | G3: フルコスト合計 | Y3: 自己収入 | Z3: 自己収入比率 | AA3: 国民1人当たり コスト | AB3: 1日当たり コスト | AC3: 資源配分額 | AD3: 間接コスト率 | AE3: 人件費比率 | AF3: 設定単位① | AI3: 設定単位② | AL3: 設定単位③ | AO3: 設定単位④ | AR3: 保有する主な資産① | AV3: 保有する主な資産② | AZ3: 行政事業レビュー番号
H4: 国における フルコスト合計 | N4: 国における 職員数 | O4: 独法等における フルコスト合計 | X4: 独法等における 職員数 | AF4: 単位 | AG4: 実績値 | AH4: 単位当たり コスト | AI4: 単位 | AJ4: 実績値 | AK4: 単位当たり コスト | AL4: 単位 | AM4: 実績値 | AN4: 単位当たり コスト | AO4: 単位 | AP4: 実績値 | AQ4: 単位当たり コスト | AR4: 種類 | AS4: 取得価額 | AT4: 耐用年数 | AU4: 金額 | AV4: 種類 | AW4: 取得価額 | AX4: 耐用年数 | AY4: 金額 | AZ4: 作成年度 | BA4: 担当府省庁名（略称） | BB4: 事業執行年度 | BC4: 通し番号 | BD4: 枝番号
I5: 人にかかるコスト | J5: 物にかかるコスト | K5: 庁舎等 （減価償却費） | L5: 事業コスト | P5: 業務費用 （人件費） | S5: 業務費用 （人件費以外） | V5: 減価償却相当額(損益外減価償却相当額） | W5: （その他）減損損失相当額等（損益外減損損失相当額等）
M6: うち、減価償却費 | Q6: 業務費のうち、人件費 | R6: 一般管理費等のうち、人件費 | T6: 業務費のうち、人件費以外 | U6: 一般管理費のうち、人件費以外
A7: 0000 | C7: プルダウンから選択して下さい | D7: － | E7: － | F7: －
A8: 1 | B8: 農林水産省 | C8: 獣医療提供体制整備推進総合対策事業（獣医師養成確保修学資金給付事業） | D8: 補助金・給付金事業型 | F8: 単独型 | G8: 10504957 | H8: 10504957 | I8: 7457965 | J8: 3043466 | K8: 3526 | L8: - | M8: - | N8: 1.1 | O8: - | P8: - | Q8: - | R8: - | S8: - | T8: - | U8: - | V8: - | W8: - | X8: － | Y8: － | Z8: － | AA8: 0.08 | AB8: 28780 | AC8: 162376717 | AD8: 6.4 | AE8: 70.9 | AF8: 交付件数（件） | AG8: 26 | AH8: 404036 | AI8: － | AJ8: － | AK8: － | AL8: － | AM8: － | AN8: － | AO8: － | AP8: － | AQ8: － | AR8: － | AS8: － | AT8: － | AU8: － | AV8: － | AW8: － | AX8: － | AY8: － | AZ8: 2023 | BA8: 農水 | BB8: 22 | BC8: 0070 | BD8: -
A9: 2 | B9: 農林水産省 | C9: 農業知的財産保護・活用支援事業 | D9: 補助金・給付金事業型 | F9: 単独型 | G9: 1855663 | H9: 1855663 | I9: 1355993 | J9: 499098 | K9: 572 | L9: - | M9: - | N9: 0.2 | O9: - | P9: - | Q9: - | R9: - | S9: - | T9: - | U9: - | V9: - | W9: - | X9: － | Y9: － | Z9: － | AA9: 0.01 | AB9: 5084 | AC9: 73672000 | AD9: 2.5 | AE9: 73 | AF9: 交付件数（件） | AG9: 1 | AH9: 1855663 | AI9: － | AJ9: － | AK9: － | AL9: － | AM9: － | AN9: － | AO9: － | AP9: － | AQ9: － | AR9: － | AS9: － | AT9: － | AU9: － | AV9: － | AW9: － | AX9: － | AY9: － | AZ9: 2023 | BA9: 農水 | BB9: 22 | BC9: 0034 | BD9: -
A10: 3 | B10: 農林水産省 | C10: 戦略的輸出拡大サポート事業（商談会及び見本市への出展等サポート） | D10: 補助金・給付金事業型 | F10: 単独型 | G10: 2783496 | H10: 2783496 | I10: 2033990 | J10: 748648 | K10: 858 | L10: - | M10: - | N10: 0.3 | O10: - | P10: - | Q10: - | R10: - | S10: - | T10: - | U10: - | V10: - | W10: - | X10: － | Y10: － | Z10: － | AA10: 0.02 | AB10: 7626 | AC10: 340809536 | AD10: 0.8 | AE10: 73 | AF10: 商談会・見本市件数（回） | AG10: 27 | AH10: 103092 | AI10: 交付件数（件） | AJ10: 2 | AK10: 1391748 | AL10: － | AM10: － | AN10: － | AO10: － | AP10: － | AQ10: － | AR10: － | AS10: － | AT10: － | AU10: － | AV10: － | AW10: － | AX10: － | AY10: － | AZ10: 2023 | BA10: 農水 | BB10: 22 | BC10: 0028 | BD10: -
A11: 4 | B11: 農林水産省 | C11: 緊急食糧支援事業 | D11: 補助金・給付金事業型 | F11: 単独型 | G11: 3711405 | H11: 3711405 | I11: 2711987 | J11: 998197 | K11: 1221 | L11: - | M11: - | N11: 0.4 | O11: - | P11: - | Q11: - | R11: - | S11: - | T11: - | U11: - | V11: - | W11: - | X11: － | Y11: － | Z11: － | AA11: 0.03 | AB11: 10168 | AC11: 8359808089 | AD11: 0.04 | AE11: 73 | AF11: 交付件数（件） | AG11: 1 | AH11: 3711405 | AI11: － | AJ11: － | AK11: － | AL11: － | AM11: － | AN11: － | AO11: － | AP11: － | AQ11: － | AR11: － | AS11: － | AT11: － | AU11: － | AV11: － | AW11: － | AX11: － | AY11: － | AZ11: 2023 | BA11: 農水 | BB11: 22 | BC11: 0081 | BD11: -
A12: 5 | B12: 農林水産省 | C12: 飼料穀物備蓄対策事業 | D12: 補助金・給付金事業型 | F12: 単独型 | G12: 11134429 | H12: 11134429 | I12: 8135962 | J12: 2994593 | K12: 3874 | L12: - | M12: - | N12: 1.2 | O12: - | P12: - | Q12: - | R12: - | S12: - | T12: - | U12: - | V12: - | W12: - | X12: － | Y12: － | Z12: － | AA12: 0.09 | AB12: 30505 | AC12: 1507227733 | AD12: 0.7 | AE12: 73 | AF12: 交付件数（件） | AG12: 18 | AH12: 618579 | AI12: － | AJ12: － | AK12: － | AL12: － | AM12: － | AN12: － | AO12: － | AP12: － | AQ12: － | AR12: － | AS12: － | AT12: － | AU12: － | AV12: － | AW12: － | AX12: － | AY12: － | AZ12: 2023 | BA12: 農水 | BB12: 22 | BC12: 0084 | BD12: -
A13: 6 | B13: 農林水産省 | C13: 農業共済組合連合会等交付金事業 | D13: 補助金・給付金事業型 | F13: 単独型 | G13: 62075613 | H13: 62075613 | I13: 57629736 | J13: 4445877 | K13: - | L13: - | M13: - | N13: 8.5 | O13: - | P13: - | Q13: - | R13: - | S13: - | T13: - | U13: - | V13: - | W13: - | X13: － | Y13: － | Z13: － | AA13: 0.5 | AB13: 170070 | AC13: 38155704262 | AD13: 0.1 | AE13: 92.8 | AF13: 交付件数（件） | AG13: 1295 | AH13: 47934 | AI13: － | AJ13: － | AK13: － | AL13: － | AM13: － | AN13: － | AO13: － | AP13: － | AQ13: － | AR13: － | AS13: － | AT13: － | AU13: － | AV13: － | AW13: － | AX13: － | AY13: － | AZ13: 2023 | BA13: 農水 | BB13: 22 | BC13: 0245 | BD13: -
A14: 7 | B14: 農林水産省 | C14: 農業共済事業事務費負担金事業 | D14: 補助金・給付金事業型 | F14: 単独型 | G14: 21909040 | H14: 21909040 | I14: 20339907 | J14: 1569133 | K14: - | L14: - | M14: - | N14: 3 | O14: - | P14: - | Q14: - | R14: - | S14: - | T14: - | U14: - | V14: - | W14: - | X14: － | Y14: － | Z14: － | AA14: 0.1 | AB14: 60024 | AC14: 33079708000 | AD14: 0.06 | AE14: 92.8 | AF14: 交付件数（件） | AG14: 50 | AH14: 438180 | AI14: － | AJ14: － | AK14: － | AL14: － | AM14: － | AN14: － | AO14: － | AP14: － | AQ14: － | AR14: － | AS14: － | AT14: － | AU14: － | AV14: － | AW14: － | AX14: － | AY14: － | AZ14: 2023 | BA14: 農水 | BB14: 22 | BC14: 0245 | BD14: -
A15: 8 | B15: 農林水産省 | C15: 農村地域防災減災事業 | D15: 補助金・給付金事業型 | F15: 単独型 | G15: 169697342 | H15: 169697342 | I15: 147803323 | J15: 20922167 | K15: 971852 | L15: - | M15: - | N15: 21.8 | O15: - | P15: - | Q15: - | R15: - | S15: - | T15: - | U15: - | V15: - | W15: - | X15: － | Y15: － | Z15: － | AA15: 1 | AB15: 464924 | AC15: 85604869309 | AD15: 0.1 | AE15: 87 | AF15: 交付件数（件） | AG15: 485 | AH15: 349891 | AI15: － | AJ15: － | AK15: － | AL15: － | AM15: － | AN15: － | AO15: － | AP15: － | AQ15: － | AR15: － | AS15: － | AT15: － | AU15: － | AV15: － | AW15: － | AX15: － | AY15: － | AZ15: 2023 | BA15: 農水 | BB15: 22 | BC15: 0137 | BD15: -
A16: 9 | B16: 農林水産省 | C16: 治山事業 | D16: 補助金・給付金事業型 | F16: 単独型 | G16: 65170846 | H16: 65170846 | I16: 29153866 | J16: 35624401 | K16: 392579 | L16: - | M16: - | N16: 4.3 | O16: - | P16: - | Q16: - | R16: - | S16: - | T16: - | U16: - | V16: - | W16: - | X16: － | Y16: － | Z16: － | AA16: 0.5 | AB16: 178550 | AC16: 36792712173 | AD16: 0.1 | AE16: 44.7 | AF16: 交付件数（件） | AG16: 412 | AH16: 158181 | AI16: － | AJ16: － | AK16: － | AL16: － | AM16: － | AN16: － | AO16: － | AP16: － | AQ16: － | AR16: － | AS16: － | AT16: － | AU16: － | AV16: － | AW16: － | AX16: － | AY16: － | AZ16: 2023 | BA16: 農水 | BB16: 22 | BC16: 0263 | BD16: -
A17: 10 | B17: 農林水産省 | C17: 水産業改良普及事業交付金事業 | D17: 補助金・給付金事業型 | F17: 単独型 | G17: 8202938 | H17: 8202938 | I17: 5423975 | J17: 2771717 | K17: 7246 | L17: - | M17: - | N17: 0.8 | O17: - | P17: - | Q17: - | R17: - | S17: - | T17: - | U17: - | V17: - | W17: - | X17: － | Y17: － | Z17: － | AA17: 0.06 | AB17: 22473 | AC17: 68426000 | AD17: 11.9 | AE17: 66.1 | AF17: 交付金配分数（道府県） | AG17: 36 | AH17: 227859 | AI17: 普及指導員数（人） | AJ17: 427 | AK17: 19210 | AL17: － | AM17: － | AN17: - | AO17: － | AP17: － | AQ17: － | AR17: － | AS17: － | AT17: － | AU17: － | AV17: － | AW17: － | AX17: － | AY17: － | AZ17: 2023 | BA17: 農水 | BB17: 22 | BC17: 0297 | BD17: -
A18: 11 | B18: 農林水産省 | C18: 輸出環境整備推進事業（自治体や民間検査機関等による証明書発給等の体制強化支援事業） | D18: 補助金・給付金事業型 | F18: 外部機関利用型 | G18: 24140957 | H18: 3711328 | I18: 2711987 | J18: 998197 | K18: 1144 | L18: - | M18: - | N18: 0.4 | O18: 20429629 | P18: 12807716 | Q18: 10710412 | R18: 2097304 | S18: 7449367 | T18: 2671780 | U18: 4777587 | V18: 172546 | W18: - | X18: 2.2 | Y18: － | Z18: － | AA18: 0.1 | AB18: 66139 | AC18: 119293627 | AD18: 20.2 | AE18: 64.2 | AF18: 採択機関数（機関） | AG18: 17 | AH18: 1420056 | AI18: － | AJ18: － | AK18: － | AL18: － | AM18: － | AN18: － | AO18: － | AP18: － | AQ18: － | AR18: － | AS18: － | AT18: － | AU18: － | AV18: － | AW18: － | AX18: － | AY18: － | AZ18: 2023 | BA18: 農水 | BB18: 22 | BC18: 0025 | BD18: -
A19: 12 | B19: 農林水産省 | C19: 野菜価格安定対策事業（指定野菜価格安定対策事業） | D19: 補助金・給付金事業型 | F19: 外部機関利用型 | G19: 329529502 | H19: 25979845 | I19: 18983913 | J19: 6987384 | K19: 8548 | L19: - | M19: - | N19: 2.8 | O19: 303549657 | P19: 193062932 | Q19: 122002162 | R19: 71060770 | S19: 109000976 | T19: 71988996 | U19: 37011980 | V19: - | W19: 1485749 | X19: 15 | Y19: 59013638 | Z19: 17.9 | AA19: 2 | AB19: 902820 | AC19: 6908137000 | AD19: 4.7 | AE19: 64.3 | AF19: 指定野菜価格安定対策事業交付予約数量（トン） | AG19: 2601334 | AH19: 126 | AI19: － | AJ19: － | AK19: － | AL19: － | AM19: － | AN19: － | AO19: － | AP19: － | AQ19: － | AR19: － | AS19: － | AT19: － | AU19: － | AV19: － | AW19: － | AX19: － | AY19: － | AZ19: 2023 | BA19: 農水 | BB19: 22 | BC19: 0149 | BD19: -
A20: 13 | B20: 農林水産省 | C20: 加工原料乳生産者補給金等事業 | D20: 補助金・給付金事業型 | F20: 外部機関利用型 | G20: 224209905 | H20: 12990167 | I20: 9491956 | J20: 3493692 | K20: 4519 | L20: - | M20: - | N20: 1.4 | O20: 211219738 | P20: 93887079 | Q20: 58859642 | R20: 35027437 | S20: 117332659 | T20: 102727705 | U20: 14604954 | V20: - | W20: - | X20: 6.5 | Y20: 527 | Z20: － | AA20: 1 | AB20: 614273 | AC20: 37390682141 | AD20: 0.5 | AE20: 46.1 | AF20: 対象事業者数（件） | AG20: 64 | AH20: 3503279 | AI20: － | AJ20: － | AK20: － | AL20: － | AM20: － | AN20: － | AO20: － | AP20: － | AQ20: － | AR20: － | AS20: － | AT20: － | AU20: － | AV20: － | AW20: － | AX20: － | AY20: － | AZ20: 2023 | BA20: 農水 | BB20: 22 | BC20: 0187 | BD20: -
A21: 14 | B21: 農林水産省 | C21: 農業者年金事業 | D21: 補助金・給付金事業型 | F21: 外部機関利用型 | G21: 2473240805 | H21: 7423670 | I21: 5423975 | J21: 1996395 | K21: 3300 | L21: - | M21: - | N21: 0.8 | O21: 2465817135 | P21: 507932245 | Q21: 340000140 | R21: 167932105 | S21: 1957884890 | T21: 1846872273 | U21: 111012617 | V21: - | W21: - | X21: 41.6 | Y21: － | Z21: － | AA21: 20 | AB21: 6776002 | AC21: 71891054629 | AD21: 3.4 | AE21: 20.7 | AF21: 受給権者等数（人） | AG21: 379849 | AH21: 6511 | AI21: － | AJ21: － | AK21: － | AL21: － | AM21: － | AN21: － | AO21: － | AP21: － | AQ21: － | AR21: － | AS21: － | AT21: － | AU21: － | AV21: － | AW21: － | AX21: － | AY21: － | AZ21: 2023 | BA21: 農水 | BB21: 22 | BC21: 0097 | BD21: -
A22: 15 | B22: 農林水産省 | C22: 多面的機能支払交付金事業 | D22: 補助金・給付金事業型 | F22: 外部機関利用型 | G22: 1851787506 | H22: 1851787506 | I22: 167465234 | J22: 31430097 | K22: 892175 | L22: 1652000000 | M22: - | N22: 24.7 | O22: - | P22: - | Q22: - | R22: - | S22: - | T22: - | U22: - | V22: - | W22: - | X22: － | Y22: － | Z22: － | AA22: 15 | AB22: 5073390 | AC22: 47050000000 | AD22: 3.9 | AE22: 9 | AF22: 本事業に取り組む活動組織数（組織） | AG22: 25967 | AH22: 71313 | AI22: 活動組織により保全管理している農用地面積（ha） | AJ22: 2318259 | AK22: 798 | AL22: 活動組織により保全管理している水路延長（km） | AM22: 427356 | AN22: 4333 | AO22: 活動組織により保全管理しているため池の数（箇所） | AP22: 46932 | AQ22: 39456 | AR22: － | AS22: － | AT22: － | AU22: － | AV22: － | AW22: － | AX22: － | AY22: － | AZ22: 2023 | BA22: 農水 | BB22: 22 | BC22: 0243 | BD22: -
A23: 16 | B23: 農林水産省 | C23: 「緑の雇用」新規就業者育成推進事業 | D23: 補助金・給付金事業型 | F23: 外部機関利用型 | G23: 329970313 | H23: 15156010 | I23: 6779969 | J23: 8284744 | K23: 91297 | L23: - | M23: - | N23: 1 | O23: 314814303 | P23: 197928881 | Q23: 85707921 | R23: 112220960 | S23: 116885422 | T23: 78377801 | U23: 38507621 | V23: - | W23: - | X23: 14.2 | Y23: － | Z23: － | AA23: 2 | AB23: 904028 | AC23: 2745992882 | AD23: 12 | AE23: 62 | AF23: 研修実施者数（人） | AG23: 1954 | AH23: 168869 | AI23: － | AJ23: － | AK23: － | AL23: － | AM23: － | AN23: － | AO23: － | AP23: － | AQ23: － | AR23: － | AS23: － | AT23: － | AU23: － | AV23: － | AW23: － | AX23: － | AY23: － | AZ23: 2023 | BA23: 農水 | BB23: 22 | BC23: 0268 | BD23: -
A24: 17 | B24: 農林水産省 | C24: 離島漁業再生支援等交付金事業 | D24: 補助金・給付金事業型 | F24: 外部機関利用型 | G24: 69990390 | H24: 69990390 | I24: 14915931 | J24: 7622222 | K24: 19926 | L24: 47432311 | M24: - | N24: 2.2 | O24: - | P24: - | Q24: - | R24: - | S24: - | T24: - | U24: - | V24: - | W24: - | X24: － | Y24: － | Z24: － | AA24: 0.5 | AB24: 191754 | AC24: 1300405444 | AD24: 5.3 | AE24: 21.3 | AF24: 対象漁業集落が行った取組数（件） | AG24: 1352 | AH24: 51768 | AI24: 離島漁業就業者数（人） | AJ24: 13355 | AK24: 5240 | AL24: － | AM24: － | AN24: － | AO24: － | AP24: － | AQ24: － | AR24: － | AS24: － | AT24: － | AU24: － | AV24: － | AW24: － | AX24: － | AY24: － | AZ24: 2023 | BA24: 農水 | BB24: 22 | BC24: 0320 | BD24: -
A25: 18 | B25: 農林水産省 | C25: 獣医師国家試験業務 | D25: 受益者負担事業型 | E25: 試験・資格関連事業 | F25: 単独型 | G25: 40710256 | H25: 40710256 | I25: 10847950 | J25: 29857178 | K25: 5128 | L25: - | M25: - | N25: 1.6 | O25: - | P25: - | Q25: - | R25: - | S25: - | T25: - | U25: - | V25: - | W25: - | X25: － | Y25: 17625200 | Z25: 43.2 | AA25: 0.3 | AB25: 111534 | AC25: － | AD25: － | AE25: 26.6 | AF25: 申込者数（人） | AG25: 1268 | AH25: 32105 | AI25: － | AJ25: － | AK25: － | AL25: － | AM25: － | AN25: － | AO25: － | AP25: － | AQ25: － | AR25: － | AS25: － | AT25: － | AU25: － | AV25: － | AW25: － | AX25: － | AY25: － | AZ25: - | BA25: - | BB25: - | BC25: - | BD25: -
A26: 19 | B26: 農林水産省 | C26: 輸出入植物検疫業務 | D26: その他事業型 | F26: 単独型 | G26: 8112143472 | H26: 8112143472 | I26: 6608435784 | J26: 505334423 | K26: 46852294 | L26: 951520971 | M26: 22737944 | N26: 974.7 | O26: - | P26: - | Q26: - | R26: - | S26: - | T26: - | U26: - | V26: - | W26: - | X26: － | Y26: － | Z26: － | AA26: 66 | AB26: 22225050 | AC26: － | AD26: － | AE26: 81.4 | AF26: 輸出入植物検疫件数（件） | AG26: 1084995 | AH26: 7476 | AI26: － | AJ26: － | AK26: － | AL26: － | AM26: － | AN26: － | AO26: － | AP26: － | AQ26: － | AR26: 無形固定資産（システム） | AS26: 10707120 | AT26: 5 | AU26: 1962972 | AV26: 無形固定資産（システム） | AW26: 90735700 | AX26: 5 | AY26: 54441420 | AZ26: - | BA26: - | BB26: - | BC26: - | BD26: -
A27: 20 | B27: 農林水産省 | C27: 輸出入動畜産物検疫業務 | D27: その他事業型 | F27: 単独型 | G27: 4575716570 | H27: 4575716570 | I27: 2511978514 | J27: 192086184 | K27: 17809351 | L27: 1853842521 | M27: 107764056 | N27: 370.5 | O27: - | P27: - | Q27: - | R27: - | S27: - | T27: - | U27: - | V27: - | W27: - | X27: － | Y27: － | Z27: － | AA27: 37 | AB27: 12536209 | AC27: － | AD27: － | AE27: 54.8 | AF27: 動畜産物輸出入検査件数（件） | AG27: 696130 | AH27: 6573 | AI27: － | AJ27: － | AK27: － | AL27: － | AM27: － | AN27: － | AO27: － | AP27: － | AQ27: － | AR27: 物品（検査装置） | AS27: 166760000 | AT27: 10 | AU27: 135492500 | AV27: 物品（検査装置） | AW27: 166760000 | AX27: 10 | AY27: 135492500 | AZ27: - | BA27: - | BB27: - | BC27: - | BD27: -
A28: 21 | B28: 農林水産省 | C28: 水産基盤整備事業（直轄） | D28: その他事業型 | F28: 単独型 | G28: 2360978650 | H28: 2360978650 | I28: 52883758 | J28: 27024242 | K28: 70650 | L28: 2281000000 | M28: - | N28: 7.8 | O28: - | P28: - | Q28: - | R28: - | S28: - | T28: - | U28: - | V28: - | W28: - | X28: － | Y28: － | Z28: － | AA28: 19 | AB28: 6468434 | AC28: － | AD28: － | AE28: 2.2 | AF28: フロンティア漁場整備事業整備地区数（地区） | AG28: 3 | AH28: 786992883 | AI28: － | AJ28: － | AK28: － | AL28: － | AM28: － | AN28: － | AO28: － | AP28: － | AQ28: － | AR28: － | AS28: － | AT28: － | AU28: － | AV28: － | AW28: － | AX28: － | AY28: － | AZ28: 2023 | BA28: 農水 | BB28: 22 | BC28: 0334 | BD28: -
A29: 22 | B29: 農林水産省 | C29: 牛肉トレーサビリティ業務委託事業 | D29: その他事業型 | F29: 外部機関利用型 | G29: 295907099 | H29: 56679421 | I29: 50171770 | J29: 6162368 | K29: 345283 | L29: - | M29: - | N29: 7.4 | O29: 239227678 | P29: 17438681 | Q29: 17438681 | R29: - | S29: 221788997 | T29: 221764136 | U29: 24861 | V29: - | W29: - | X29: 3.8 | Y29: － | Z29: － | AA29: 2 | AB29: 810704 | AC29: － | AD29: － | AE29: 22.8 | AF29: DNA鑑定照合用サンプル採取点数（点） | AG29: 1089293 | AH29: 271 | AI29: DNA鑑定分析点数（点） | AJ29: 15008 | AK29: 19716 | AL29: － | AM29: － | AN29: － | AO29: － | AP29: － | AQ29: － | AR29: － | AS29: － | AT29: － | AU29: － | AV29: － | AW29: － | AX29: － | AY29: － | AZ29: 2023 | BA29: 農水 | BB29: 22 | BC29: 0054 | BD29: -
A30: 23 | B30: 農林水産省 | C30: 輸出環境整備推進事業（輸出先国の主要輸出障壁実態調査、データ収集等事業） | D30: その他事業型 | F30: 外部機関利用型 | G30: 293626846 | H30: 18619627 | I30: 13080202 | J30: 5531283 | K30: 8142 | L30: - | M30: - | N30: 2.1 | O30: 275007219 | P30: 179133933 | Q30: 179133933 | R30: - | S30: 95873286 | T30: 95873286 | U30: - | V30: - | W30: - | X30: 18 | Y30: － | Z30: － | AA30: 2 | AB30: 804457 | AC30: － | AD30: － | AE30: 65.4 | AF30: 報告書等作成件数（件） | AG30: 18 | AH30: 16312602 | AI30: － | AJ30: － | AK30: － | AL30: － | AM30: － | AN30: － | AO30: － | AP30: － | AQ30: － | AR30: － | AS30: － | AT30: － | AU30: － | AV30: － | AW30: － | AX30: － | AY30: － | AZ30: 2023 | BA30: 農水 | BB30: 22 | BC30: 0025 | BD30: -
A31: 24 | B31: 農林水産省 | C31: 国立研究開発法人農業・食品産業技術総合研究機構農業機械化促進業務 | D31: その他事業型 | F31: 外部機関利用型 | G31: 1915756110 | H31: 9278515 | I31: 6779969 | J31: 2495494 | K31: 3052 | L31: - | M31: - | N31: 1 | O31: 1906477595 | P31: 750968771 | Q31: 585349070 | R31: 165619701 | S31: 1011371762 | T31: 932860762 | U31: 78511000 | V31: 144094326 | W31: 42736 | X31: 69 | Y31: 112078609 | Z31: 5.8 | AA31: 15 | AB31: 5248646 | AC31: － | AD31: － | AE31: 39.5 | AF31: 研究課題数（件) | AG31: 50 | AH31: 38315122 | AI31: － | AJ31: － | AK31: － | AL31: － | AM31: － | AN31: － | AO31: － | AP31: － | AQ31: － | AR31: － | AS31: － | AT31: － | AU31: － | AV31: － | AW31: － | AX31: － | AY31: － | AZ31: 2023 | BA31: 農水 | BB31: 22 | BC31: 0151 | BD31: -
A32: 25 | B32: 農林水産省 | C32: 独立行政法人家畜改良センター運営業務（全国的な家畜改良の推進に係る業務） | D32: その他事業型 | F32: 外部機関利用型 | G32: 6796959535 | H32: 11134429 | I32: 8135962 | J32: 2994593 | K32: 3874 | L32: - | M32: - | N32: 1.2 | O32: 6785825106 | P32: 3598660446 | Q32: 2979762476 | R32: 618897970 | S32: 2754680720 | T32: 2429317028 | U32: 325363692 | V32: 433251072 | W32: -767132 | X32: 676.6 | Y32: 1213485904 | Z32: 17.8 | AA32: 55 | AB32: 18621806 | AC32: － | AD32: － | AE32: 53 | AF32: － | AG32: － | AH32: － | AI32: － | AJ32: － | AK32: － | AL32: － | AM32: － | AN32: － | AO32: － | AP32: － | AQ32: － | AR32: 土地 | AS32: 23191553931 | AT32: － | AU32: 23191553931 | AV32: 建物 | AW32: 369766865 | AX32: 31 | AY32: 350446548 | AZ32: 2023 | BA32: 農水 | BB32: 22 | BC32: 0189 | BD32: -
A33: 26 | B33: 農林水産省 | C33: 海外農林業開発協力問題調査等事業 | D33: その他事業型 | F33: 外部機関利用型 | G33: 114707405 | H33: 11134198 | I33: 8135962 | J33: 2994593 | K33: 3643 | L33: - | M33: - | N33: 1.2 | O33: 103573207 | P33: 34504696 | Q33: 34497463 | R33: 7233 | S33: 69068511 | T33: 69052537 | U33: 15974 | V33: - | W33: - | X33: 14.7 | Y33: － | Z33: － | AA33: 0.9 | AB33: 314266 | AC33: － | AD33: － | AE33: 37.1 | AF33: 国際会議等での情報発信（件） | AG33: 33 | AH33: 3475981 | AI33: － | AJ33: － | AK33: － | AL33: － | AM33: － | AN33: － | AO33: － | AP33: － | AQ33: － | AR33: － | AS33: － | AT33: － | AU33: － | AV33: － | AW33: － | AX33: － | AY33: － | AZ33: 2023 | BA33: 農水 | BB33: 22 | BC33: 0085 | BD33: -
A34: 27 | B34: 農林水産省 | C34: 森林病害虫等被害対策事業（森林害虫駆除事業委託） | D34: その他事業型 | F34: 外部機関利用型 | G34: 272308858 | H34: 6062402 | I34: 2711987 | J34: 3313897 | K34: 36518 | L34: - | M34: - | N34: 0.4 | O34: 266246456 | P34: 79709080 | Q34: 79709080 | R34: - | S34: 186537376 | T34: 185010596 | U34: 1526780 | V34: - | W34: - | X34: 12.6 | Y34: － | Z34: － | AA34: 2 | AB34: 746051 | AC34: － | AD34: － | AE34: 30.2 | AF34: 市町村・事業体件数（件） | AG34: 33 | AH34: 8251783 | AI34: － | AJ34: － | AK34: － | AL34: － | AM34: － | AN34: － | AO34: － | AP34: － | AQ34: － | AR34: － | AS34: － | AT34: － | AU34: － | AV34: － | AW34: － | AX34: － | AY34: － | AZ34: 2023 | BA34: 農水 | BB34: 22 | BC34: 0247 | BD34: -
A35: 28 | B35: 農林水産省 | C35: 水産資源調査・評価に係る業務 | D35: その他事業型 | F35: 外部機関利用型 | G35: 5593410345 | H35: 39989325 | I35: 26441879 | J35: 13512121 | K35: 35325 | L35: - | M35: - | N35: 3.9 | O35: 5553421020 | P35: 920948029 | Q35: 920948029 | R35: - | S35: 4632472991 | T35: 4632472991 | U35: - | V35: - | W35: - | X35: － | Y35: － | Z35: － | AA35: 46 | AB35: 15324411 | AC35: － | AD35: － | AE35: 16.9 | AF35: 資源評価対象魚種数（種） | AG35: 271 | AH35: 20639890 | AI35: － | AJ35: － | AK35: － | AL35: － | AM35: － | AN35: － | AO35: － | AP35: － | AQ35: － | AR35: － | AS35: － | AT35: － | AU35: － | AV35: － | AW35: － | AX35: － | AY35: － | AZ35: 2023 | BA35: 農水 | BB35: 22 | BC35: 0285 | BD35: -
B36: （注2）該当計数が皆無の場合は、「－」で表示している。
B37: （注1）国民１人当たりコストは、総務省統計局が公表している人口推計（出典：「人口推計」（総務省統計局））における日本人人口（確定値）のフルコスト作成年度の翌年度4月の月初人口を基に算出している。

Sheet 令和３年度
G2: （円） | H2: （円） | I2: （円） | J2: （円） | K2: （円） | L2: （円） | M2: （円） | N2: （人） | O2: （円） | P2: （円） | Q2: （円） | R2: （円） | S2: （円） | T2: （円） | U2: （円） | V2: （円） | W2: （円） | X2: （人） | Y2: （円） | Z2: （％） | AA2: （円） | AB2: （円） | AC2: （円） | AD2: （％） | AE2: （％） | AH2: （円） | AK2: （円） | AN2: （円） | AQ2: （円） | AS2: （円） | AT2: （年） | AU2: （円） | AW2: （円） | AX2: （年） | AY2: （円）
C3: 省庁名 | D3: 事業・業務名 | E3: 事業類型 | F3: 事業実施区分 | G3: フルコスト合計 | Y3: 自己収入 | Z3: 自己収入比率 | AA3: 国民1人当たり コスト | AB3: 1日当たり コスト | AC3: 資源配分額 | AD3: 間接コスト率 | AE3: 人件費比率 | AF3: 設定単位① | AI3: 設定単位② | AL3: 設定単位③ | AO3: 設定単位④ | AR3: 保有する主な資産① | AV3: 保有する主な資産②
H4: 国における フルコスト合計 | N4: 国における 職員数 | O4: 独法等における フルコスト合計 | X4: 独法等における 職員数 | AF4: 単位 | AG4: 実績値 | AH4: 単位当たり コスト | AI4: 単位 | AJ4: 実績値 | AK4: 単位当たり コスト | AL4: 単位 | AM4: 実績値 | AN4: 単位当たり コスト | AO4: 単位 | AP4: 実績値 | AQ4: 単位当たり コスト | AR4: 種類 | AS4: 取得価額 | AT4: 耐用年数 | AU4: 金額 | AV4: 種類 | AW4: 取得価額 | AX4: 耐用年数 | AY4: 金額
I5: 人にかかるコスト | J5: 物にかかるコスト | K5: 庁舎等 （減価償却費） | L5: 事業コスト | P5: 業務費用 （人件費） | S5: 業務費用 （人件費以外） | V5: 減価償却相当額(損益外減価償却相当額） | W5: （その他）減損損失相当額等（損益外減損損失相当額等）
M6: うち、減価償却費 | Q6: 業務費のうち、人件費 | R6: 一般管理費等のうち、人件費 | T6: 業務費のうち、人件費以外 | U6: 一般管理費のうち、人件費以外
A8: ='事業マスタ（管理用）'!F129 -> 0090 | B8: 1 | C8: 農林水産省 | D8: 獣医療提供体制整備推進総合対策事業（獣医師養成確保修学資金給付事業） | E8: 補助金・給付金事業型 | F8: 単独型 | G8: 10643126 | H8: 10643126 | I8: 6171576 | J8: 4468634 | K8: 2916 | L8: - | M8: - | N8: 0.9 | O8: - | P8: - | Q8: - | R8: - | S8: - | T8: - | U8: - | V8: - | W8: - | X8: - | Y8: - | Z8: - | AA8: 0.08 | AB8: 29159 | AC8: 152858431 | AD8: 6.9 | AE8: 57.9 | AF8: 交付件数（件） | AG8: 23 | AH8: 462744 | AI8: - | AJ8: - | AK8: - | AL8: - | AM8: - | AN8: - | AO8: - | AP8: - | AQ8: - | AR8: - | AS8: - | AT8: - | AU8: - | AV8: - | AW8: - | AX8: - | AY8: -
A9: ='事業マスタ（管理用）'!F130 -> 0091 | B9: 2 | C9: 農林水産省 | D9: 農業知的財産保護・活用支援事業 | E9: 補助金・給付金事業型 | F9: 単独型 | G9: 2326468 | H9: 2326468 | I9: 1371461 | J9: 954422 | K9: 585 | L9: - | M9: - | N9: 0.2 | O9: - | P9: - | Q9: - | R9: - | S9: - | T9: - | U9: - | V9: - | W9: - | X9: - | Y9: - | Z9: - | AA9: 0.01 | AB9: 6373 | AC9: 66990408 | AD9: 3.4 | AE9: 58.9 | AF9: 交付件数（件） | AG9: 1 | AH9: 2326468 | AI9: - | AJ9: - | AK9: - | AL9: - | AM9: - | AN9: - | AO9: - | AP9: - | AQ9: - | AR9: - | AS9: - | AT9: - | AU9: - | AV9: - | AW9: - | AX9: - | AY9: -
A10: ='事業マスタ（管理用）'!F131 -> 0092 | B10: 3 | C10: 農林水産省 | D10: 戦略的輸出拡大サポート事業（商談会及び見本市への出展等サポート） | E10: 補助金・給付金事業型 | F10: 単独型 | G10: 3489587 | H10: 3489587 | I10: 2057192 | J10: 1431633 | K10: 762 | L10: - | M10: - | N10: 0.3 | O10: - | P10: - | Q10: - | R10: - | S10: - | T10: - | U10: - | V10: - | W10: - | X10: - | Y10: - | Z10: - | AA10: 0.02 | AB10: 9560 | AC10: 419337257 | AD10: 0.8 | AE10: 58.9 | AF10: 商談会・見本市件数（回） | AG10: 41 | AH10: 85111 | AI10: 交付件数（件） | AJ10: 2 | AK10: 1744793 | AL10: - | AM10: - | AN10: - | AO10: - | AP10: - | AQ10: - | AR10: - | AS10: - | AT10: - | AU10: - | AV10: - | AW10: - | AX10: - | AY10: -
A11: ='事業マスタ（管理用）'!F132 -> 0093 | B11: 4 | C11: 農林水産省 | D11: 緊急食糧支援事業 | E11: 補助金・給付金事業型 | F11: 単独型 | G11: 4653005 | H11: 4653005 | I11: 2742922 | J11: 1908845 | K11: 1238 | L11: - | M11: - | N11: 0.4 | O11: - | P11: - | Q11: - | R11: - | S11: - | T11: - | U11: - | V11: - | W11: - | X11: - | Y11: - | Z11: - | AA11: 0.03 | AB11: 12747 | AC11: 8248155024 | AD11: 0.05 | AE11: 58.9 | AF11: 交付件数（件） | AG11: 1 | AH11: 4653005 | AI11: - | AJ11: - | AK11: - | AL11: - | AM11: - | AN11: - | AO11: - | AP11: - | AQ11: - | AR11: - | AS11: - | AT11: - | AU11: - | AV11: - | AW11: - | AX11: - | AY11: -
A12: ='事業マスタ（管理用）'!F133 -> 0094 | B12: 5 | C12: 農林水産省 | D12: 飼料穀物備蓄対策事業 | E12: 補助金・給付金事業型 | F12: 単独型 | G12: 13959287 | H12: 13959287 | I12: 8228768 | J12: 5726535 | K12: 3984 | L12: - | M12: - | N12: 1.2 | O12: - | P12: - | Q12: - | R12: - | S12: - | T12: - | U12: - | V12: - | W12: - | X12: - | Y12: - | Z12: - | AA12: 0.1 | AB12: 38244 | AC12: 1458719409 | AD12: 0.9 | AE12: 58.9 | AF12: 交付件数（件） | AG12: 18 | AH12: 775515 | AI12: - | AJ12: - | AK12: - | AL12: - | AM12: - | AN12: - | AO12: - | AP12: - | AQ12: - | AR12: - | AS12: - | AT12: - | AU12: - | AV12: - | AW12: - | AX12: - | AY12: -
A13: ='事業マスタ（管理用）'!F134 -> 0095 | B13: 6 | C13: 農林水産省 | D13: 農業共済組合連合会等交付金事業 | E13: 補助金・給付金事業型 | F13: 単独型 | G13: 64353986 | H13: 64353986 | I13: 59658573 | J13: 4695413 | K13: - | L13: - | M13: - | N13: 8.7 | O13: - | P13: - | Q13: - | R13: - | S13: - | T13: - | U13: - | V13: - | W13: - | X13: - | Y13: - | Z13: - | AA13: 0.5 | AB13: 176312 | AC13: 38097754995 | AD13: 0.1 | AE13: 92.7 | AF13: 交付件数（件） | AG13: 1267 | AH13: 50792 | AI13: - | AJ13: - | AK13: - | AL13: - | AM13: - | AN13: - | AO13: - | AP13: - | AQ13: - | AR13: - | AS13: - | AT13: - | AU13: - | AV13: - | AW13: - | AX13: - | AY13: -
A14: ='事業マスタ（管理用）'!F135 -> 0096 | B14: 7 | C14: 農林水産省 | D14: 農業共済事業事務費負担金事業 | E14: 補助金・給付金事業型 | F14: 単独型 | G14: 22191030 | H14: 22191030 | I14: 20571922 | J14: 1619108 | K14: - | L14: - | M14: - | N14: 3 | O14: - | P14: - | Q14: - | R14: - | S14: - | T14: - | U14: - | V14: - | W14: - | X14: - | Y14: - | Z14: - | AA14: 0.1 | AB14: 60797 | AC14: 33359708000 | AD14: 0.06 | AE14: 92.7 | AF14: 交付件数（件） | AG14: 56 | AH14: 396268 | AI14: - | AJ14: - | AK14: - | AL14: - | AM14: - | AN14: - | AO14: - | AP14: - | AQ14: - | AR14: - | AS14: - | AT14: - | AU14: - | AV14: - | AW14: - | AX14: - | AY14: -
A15: ='事業マスタ（管理用）'!F136 -> 0097 | B15: 8 | C15: 農林水産省 | D15: 農村地域防災減災事業 | E15: 補助金・給付金事業型 | F15: 単独型 | G15: 181114979 | H15: 181114979 | I15: 149489299 | J15: 30670926 | K15: 954754 | L15: - | M15: - | N15: 21.8 | O15: - | P15: - | Q15: - | R15: - | S15: - | T15: - | U15: - | V15: - | W15: - | X15: - | Y15: - | Z15: - | AA15: 1 | AB15: 496205 | AC15: 90456293507 | AD15: 0.2 | AE15: 82.5 | AF15: 交付件数（件） | AG15: 486 | AH15: 372664 | AI15: - | AJ15: - | AK15: - | AL15: - | AM15: - | AN15: - | AO15: - | AP15: - | AQ15: - | AR15: - | AS15: - | AT15: - | AU15: - | AV15: - | AW15: - | AX15: - | AY15: -
A16: ='事業マスタ（管理用）'!F137 -> 0098 | B16: 9 | C16: 農林水産省 | D16: 治山事業 | E16: 補助金・給付金事業型 | F16: 単独型 | G16: 66060677 | H16: 66060677 | I16: 29486421 | J16: 36003148 | K16: 571108 | L16: - | M16: - | N16: 4.3 | O16: - | P16: - | Q16: - | R16: - | S16: - | T16: - | U16: - | V16: - | W16: - | X16: - | Y16: - | Z16: - | AA16: 0.5 | AB16: 180988 | AC16: 44908681883 | AD16: 0.1 | AE16: 44.6 | AF16: 交付件数（件） | AG16: 478 | AH16: 138202 | AI16: - | AJ16: - | AK16: - | AL16: - | AM16: - | AN16: - | AO16: - | AP16: - | AQ16: - | AR16: - | AS16: - | AT16: - | AU16: - | AV16: - | AW16: - | AX16: - | AY16: -
A17: ='事業マスタ（管理用）'!F138 -> 0099 | B17: 10 | C17: 農林水産省 | D17: 水産業改良普及事業交付金事業 | E17: 補助金・給付金事業型 | F17: 単独型 | G17: 7576606 | H17: 7576606 | I17: 5485845 | J17: 2083373 | K17: 7388 | L17: - | M17: - | N17: 0.8 | O17: - | P17: - | Q17: - | R17: - | S17: - | T17: - | U17: - | V17: - | W17: - | X17: - | Y17: - | Z17: - | AA17: 0.06 | AB17: 20757 | AC17: 68698000 | AD17: 11 | AE17: 72.4 | AF17: 交付件数（件） | AG17: 36 | AH17: 210461 | AI17: 普及指導員数（人） | AJ17: 433 | AK17: 17497 | AL17: - | AM17: - | AN17: - | AO17: - | AP17: - | AQ17: - | AR17: - | AS17: - | AT17: - | AU17: - | AV17: - | AW17: - | AX17: - | AY17: -
A18: ='事業マスタ（管理用）'!F139 -> 0100 | B18: 11 | C18: 農林水産省 | D18: 輸出環境整備推進事業（自治体や民間検査機関等による証明書発給等の体制強化支援事業） | E18: 補助金・給付金事業型 | F18: 外部機関利用型 | G18: 22850396 | H18: 4652937 | I18: 2742922 | J18: 1908845 | K18: 1170 | L18: - | M18: - | N18: 0.4 | O18: 18197459 | P18: 11176149 | Q18: 9689397 | R18: 1486752 | S18: 6909587 | T18: 2228039 | U18: 4681548 | V18: 111723 | W18: - | X18: 2.2 | Y18: - | Z18: - | AA18: 0.1 | AB18: 62603 | AC18: 97228818 | AD18: 23.5 | AE18: 60.9 | AF18: 採択機関数（機関） | AG18: 10 | AH18: 2285039 | AI18: - | AJ18: - | AK18: - | AL18: - | AM18: - | AN18: - | AO18: - | AP18: - | AQ18: - | AR18: - | AS18: - | AT18: - | AU18: - | AV18: - | AW18: - | AX18: - | AY18: -
A19: ='事業マスタ（管理用）'!F140 -> 0101 | B19: 12 | C19: 農林水産省 | D19: 野菜価格安定対策事業（指定野菜価格安定対策事業） | E19: 補助金・給付金事業型 | F19: 外部機関利用型 | G19: 311673466 | H19: 32571043 | I19: 19200460 | J19: 13361915 | K19: 8668 | L19: - | M19: - | N19: 2.8 | O19: 279102423 | P19: 186234484 | Q19: 119183748 | R19: 67050736 | S19: 92848995 | T19: 57835484 | U19: 35013511 | V19: - | W19: 18944 | X19: 15 | Y19: 66797665 | Z19: 21.4 | AA19: 2 | AB19: 853899 | AC19: 12126164000 | AD19: 2.5 | AE19: 65.9 | AF19: 指定野菜価格安定対策事業予約数量（トン） | AG19: 2652652 | AH19: 117 | AI19: - | AJ19: - | AK19: - | AL19: - | AM19: - | AN19: - | AO19: - | AP19: - | AQ19: - | AR19: - | AS19: - | AT19: - | AU19: - | AV19: - | AW19: - | AX19: - | AY19: -
A20: ='事業マスタ（管理用）'!F141 -> 0102 | B20: 13 | C20: 農林水産省 | D20: 加工原料乳生産者補給金等事業 | E20: 補助金・給付金事業型 | F20: 外部機関利用型 | G20: 147481404 | H20: 16285836 | I20: 9600230 | J20: 6680957 | K20: 4649 | L20: - | M20: - | N20: 1.4 | O20: 131195568 | P20: 90197829 | Q20: 59650938 | R20: 30546891 | S20: 40997739 | T20: 26289787 | U20: 14707952 | V20: - | W20: - | X20: 6.5 | Y20: 4003 | Z20: 0.002 | AA20: 1 | AB20: 404058 | AC20: 37392930583 | AD20: 0.3 | AE20: 67.6 | AF20: 対象事業者数（件） | AG20: 89 | AH20: 1657094 | AI20: - | AJ20: - | AK20: - | AL20: - | AM20: - | AN20: - | AO20: - | AP20: - | AQ20: - | AR20: - | AS20: - | AT20: - | AU20: - | AV20: - | AW20: - | AX20: - | AY20: -
A21: ='事業マスタ（管理用）'!F142 -> 0103 | B21: 14 | C21: 農林水産省 | D21: 農業者年金事業 | E21: 補助金・給付金事業型 | F21: 外部機関利用型 | G21: 2348993441 | H21: 9306876 | I21: 5485845 | J21: 3817690 | K21: 3341 | L21: - | M21: - | N21: 0.8 | O21: 2339686565 | P21: 508711518 | Q21: 344674771 | R21: 164036747 | S21: 1830975047 | T21: 1721573287 | U21: 109401760 | V21: - | W21: - | X21: 41.7 | Y21: - | Z21: - | AA21: 19 | AB21: 6435598 | AC21: 77226087644 | AD21: 3 | AE21: 21.8 | AF21: 受給権者等数（人） | AG21: 404132 | AH21: 5812 | AI21: - | AJ21: - | AK21: - | AL21: - | AM21: - | AN21: - | AO21: - | AP21: - | AQ21: - | AR21: - | AS21: - | AT21: - | AU21: - | AV21: - | AW21: - | AX21: - | AY21: -
A22: ='事業マスタ（管理用）'!F143 -> 0104 | B22: 15 | C22: 農林水産省 | D22: 多面的機能支払交付金事業 | E22: 補助金・給付金事業型 | F22: 外部機関利用型 | G22: 1826170287 | H22: 1826170287 | I22: 171432683 | J22: 51844306 | K22: 893298 | L22: 1602000000 | M22: - | N22: 25 | O22: - | P22: - | Q22: - | R22: - | S22: - | T22: - | U22: - | V22: - | W22: - | X22: - | Y22: - | Z22: - | AA22: 14 | AB22: 5003206 | AC22: 47050000000 | AD22: 3.8 | AE22: 9.3 | AF22: 本事業に取り組む活動組織数（組織） | AG22: 26258 | AH22: 69547 | AI22: 活動組織により保全管理している農用地面積（ha） | AJ22: 2311040 | AK22: 790 | AL22: 活動組織により保全管理している水路延長（km） | AM22: 429169 | AN22: 4255 | AO22: 活動組織により保全管理しているため池の数（箇所） | AP22: 46489 | AQ22: 39281 | AR22: - | AS22: - | AT22: - | AU22: - | AV22: - | AW22: - | AX22: - | AY22: -
A23: ='事業マスタ（管理用）'!F144 -> 0105 | B23: 16 | C23: 農林水産省 | D23: 「緑の雇用」新規就業者育成推進事業 | E23: 補助金・給付金事業型 | F23: 外部機関利用型 | G23: 316344327 | H23: 15362947 | I23: 6857307 | J23: 8372825 | K23: 132815 | L23: - | M23: - | N23: 1 | O23: 300981380 | P23: 201117349 | Q23: 98260023 | R23: 102857326 | S23: 99864031 | T23: 69607406 | U23: 30256625 | V23: - | W23: - | X23: 14.3 | Y23: - | Z23: - | AA23: 2 | AB23: 866696 | AC23: 2806596813 | AD23: 11.2 | AE23: 65.7 | AF23: 研修実施者数（人） | AG23: 1997 | AH23: 158409 | AI23: - | AJ23: - | AK23: - | AL23: - | AM23: - | AN23: - | AO23: - | AP23: - | AQ23: - | AR23: - | AS23: - | AT23: - | AU23: - | AV23: - | AW23: - | AX23: - | AY23: -
A24: ='事業マスタ（管理用）'!F145 -> 0106 | B24: 17 | C24: 農林水産省 | D24: 離島漁業再生支援等交付金事業 | E24: 補助金・給付金事業型 | F24: 外部機関利用型 | G24: 67035924 | H24: 67035924 | I24: 15086076 | J24: 5729276 | K24: 20317 | L24: 46200255 | M24: - | N24: 2.2 | O24: - | P24: - | Q24: - | R24: - | S24: - | T24: - | U24: - | V24: - | W24: - | X24: - | Y24: - | Z24: - | AA24: 0.5 | AB24: 183660 | AC24: 1329695015 | AD24: 5 | AE24: 22.5 | AF24: 対象漁業集落が行った取組数（件） | AG24: 1225 | AH24: 54723 | AI24: 離島漁業就業者数（人） | AJ24: 15311 | AK24: 4378 | AL24: - | AM24: - | AN24: - | AO24: - | AP24: - | AQ24: - | AR24: - | AS24: - | AT24: - | AU24: - | AV24: - | AW24: - | AX24: - | AY24: -
A25: ='事業マスタ（管理用）'!F146 -> 0107 | B25: 18 | C25: 農林水産省 | D25: 獣医師国家試験業務 | E25: 受益者負担事業型 | F25: 単独型 | G25: 39227475 | H25: 39227475 | I25: 8228768 | J25: 30994818 | K25: 3889 | L25: - | M25: - | N25: 1.2 | O25: - | P25: - | Q25: - | R25: - | S25: - | T25: - | U25: - | V25: - | W25: - | X25: - | Y25: 17152600 | Z25: 43.7 | AA25: 0.3 | AB25: 107472 | AC25: - | AD25: - | AE25: 20.9 | AF25: 申込者数（人） | AG25: 1234 | AH25: 31788 | AI25: - | AJ25: - | AK25: - | AL25: - | AM25: - | AN25: - | AO25: - | AP25: - | AQ25: - | AR25: - | AS25: - | AT25: - | AU25: - | AV25: - | AW25: - | AX25: - | AY25: -
A26: ='事業マスタ（管理用）'!F147 -> 0108 | B26: 19 | C26: 農林水産省 | D26: 輸出入植物検疫業務 | E26: その他事業型 | F26: 単独型 | G26: 8747361487 | H26: 8747361487 | I26: 6646787998 | J26: 1081433972 | K26: 48388202 | L26: 970751315 | M26: 38147597 | N26: 969.3 | O26: - | P26: - | Q26: - | R26: - | S26: - | T26: - | U26: - | V26: - | W26: - | X26: - | Y26: - | Z26: - | AA26: 71 | AB26: 23965373 | AC26: - | AD26: - | AE26: 75.9 | AF26: 輸出入植物検疫件数（件） | AG26: 983632 | AH26: 8892 | AI26: - | AJ26: - | AK26: - | AL26: - | AM26: - | AN26: - | AO26: - | AP26: - | AQ26: - | AR26: 無形固定資産（システム） | AS26: 10707120 | AT26: 5 | AU26: 4104396 | AV26: 無形固定資産（システム） | AW26: 90735700 | AX26: 5 | AY26: 72588560
A27: ='事業マスタ（管理用）'!F148 -> 0109 | B27: 20 | C27: 農林水産省 | D27: 輸出入動畜産物検疫業務 | E27: その他事業型 | F27: 単独型 | G27: 4804683760 | H27: 4804683760 | I27: 2428858257 | J27: 395175810 | K27: 17681936 | L27: 1962967757 | M27: 63721216 | N27: 354.2 | O27: - | P27: - | Q27: - | R27: - | S27: - | T27: - | U27: - | V27: - | W27: - | X27: - | Y27: - | Z27: - | AA27: 39 | AB27: 13163517 | AC27: - | AD27: - | AE27: 50.5 | AF27: 動畜産物輸出入検査件数（件） | AG27: 453220 | AH27: 10601 | AI27: - | AJ27: - | AK27: - | AL27: - | AM27: - | AN27: - | AO27: - | AP27: - | AQ27: - | AR27: 物品（検査装置） | AS27: 166760000 | AT27: 10 | AU27: 150500900 | AV27: 物品（検査装置） | AW27: 166760000 | AX27: 10 | AY27: 150500900
A28: ='事業マスタ（管理用）'!F156 -> 0205 | B28: 21 | C28: 農林水産省 | D28: 水産基盤整備事業（直轄） | E28: その他事業型 | F28: 単独型 | G28: 2746871921 | H28: 2746871921 | I28: 53486997 | J28: 20312890 | K28: 72034 | L28: 2673000000 | M28: - | N28: 7.8 | O28: - | P28: - | Q28: - | R28: - | S28: - | T28: - | U28: - | V28: - | W28: - | X28: - | Y28: - | Z28: - | AA28: 22 | AB28: 7525676 | AC28: - | AD28: - | AE28: 1.9 | AF28: フロンティア漁場整備事業１整備地区数（地区） | AG28: 3 | AH28: 915623973 | AI28: - | AJ28: - | AK28: - | AL28: - | AM28: - | AN28: - | AO28: - | AP28: - | AQ28: - | AR28: - | AS28: - | AT28: - | AU28: - | AV28: - | AW28: - | AX28: - | AY28: -
A29: ='事業マスタ（管理用）'!F150 -> 0199 | B29: 22 | C29: 農林水産省 | D29: 牛肉トレーサビリティ業務委託事業 | E29: その他事業型 | F29: 外部機関利用型 | G29: 286936084 | H29: 59427467 | I29: 50744073 | J29: 8343759 | K29: 339635 | L29: - | M29: - | N29: 7.4 | O29: 227508617 | P29: 17282301 | Q29: 17282301 | R29: - | S29: 210226316 | T29: 210198701 | U29: 27615 | V29: - | W29: - | X29: 5.1 | Y29: - | Z29: - | AA29: 2 | AB29: 786126 | AC29: - | AD29: - | AE29: 23.7 | AF29: DNA鑑定照合用サンプル採取点数（点） | AG29: 1055155 | AH29: 271 | AI29: DNA鑑定分析点数（点） | AJ29: 15004 | AK29: 19123 | AL29: - | AM29: - | AN29: - | AO29: - | AP29: - | AQ29: - | AR29: - | AS29: - | AT29: - | AU29: - | AV29: - | AW29: - | AX29: - | AY29: -
A30: ='事業マスタ（管理用）'!F151 -> 0200 | B30: 23 | C30: 農林水産省 | D30: 輸出環境整備推進事業（輸出先国の主要輸出障壁実態調査、データ収集等事業） | E30: その他事業型 | F30: 外部機関利用型 | G30: 286811472 | H30: 17963277 | I30: 10971691 | J30: 6985011 | K30: 6575 | L30: - | M30: - | N30: 1.6 | O30: 268848195 | P30: 160956886 | Q30: 160956886 | R30: - | S30: 107891309 | T30: 107891309 | U30: - | V30: - | W30: - | X30: 13 | Y30: - | Z30: - | AA30: 2 | AB30: 785784 | AC30: - | AD30: - | AE30: 59.9 | AF30: 報告書等作成件数（件） | AG30: 13 | AH30: 22062420 | AI30: - | AJ30: - | AK30: - | AL30: - | AM30: - | AN30: - | AO30: - | AP30: - | AQ30: - | AR30: - | AS30: - | AT30: - | AU30: - | AV30: - | AW30: - | AX30: - | AY30: -
A31: ='事業マスタ（管理用）'!F152 -> 0201 | B31: 24 | C31: 農林水産省 | D31: 国立研究開発法人農業・食品産業技術総合研究機構農業機械化促進業務 | E31: その他事業型 | F31: 外部機関利用型 | G31: 1760309900 | H31: 11632514 | I31: 6857307 | J31: 4772112 | K31: 3095 | L31: - | M31: - | N31: 1 | O31: 1748677386 | P31: 811038056 | Q31: 603100549 | R31: 207937507 | S31: 790555923 | T31: 703002119 | U31: 87553804 | V31: 147083407 | W31: - | X31: 72 | Y31: 41043651 | Z31: 2.3 | AA31: 14 | AB31: 4822766 | AC31: - | AD31: - | AE31: 46.4 | AF31: 研究課題数（件) | AG31: 49 | AH31: 35924691 | AI31: - | AJ31: - | AK31: - | AL31: - | AM31: - | AN31: - | AO31: - | AP31: - | AQ31: - | AR31: - | AS31: - | AT31: - | AU31: - | AV31: - | AW31: - | AX31: - | AY31: -
A32: ='事業マスタ（管理用）'!F153 -> 0202 | B32: 25 | C32: 農林水産省 | D32: 独立行政法人家畜改良センター運営業務（全国的な家畜改良の推進に係る業務） | E32: その他事業型 | F32: 外部機関利用型 | G32: 6721343225 | H32: 13959287 | I32: 8228768 | J32: 5726535 | K32: 3984 | L32: - | M32: - | N32: 1.2 | O32: 6707383938 | P32: 3668764860 | Q32: 3059914811 | R32: 608850049 | S32: 2593060582 | T32: 2283337331 | U32: 309723251 | V32: 445089640 | W32: 468856 | X32: 697.7 | Y32: 1226663114 | Z32: 18.2 | AA32: 54 | AB32: 18414638 | AC32: - | AD32: - | AE32: 54.7 | AF32: - | AG32: - | AH32: - | AI32: - | AJ32: - | AK32: - | AL32: - | AM32: - | AN32: - | AO32: - | AP32: - | AQ32: - | AR32: - | AS32: - | AT32: - | AU32: - | AV32: - | AW32: - | AX32: - | AY32: -
A33: ='事業マスタ（管理用）'!F154 -> 0203 | B33: 26 | C33: 農林水産省 | D33: 海外農林業開発協力問題調査等事業 | E33: その他事業型 | F33: 外部機関利用型 | G33: 115110728 | H33: 13959024 | I33: 8228768 | J33: 5726535 | K33: 3721 | L33: - | M33: - | N33: 1.2 | O33: 101151704 | P33: 31338733 | Q33: 30074201 | R33: 1264532 | S33: 67762788 | T33: 55618332 | U33: 12144456 | V33: 1570205 | W33: 479978 | X33: 10.9 | Y33: - | Z33: - | AA33: 0.9 | AB33: 315371 | AC33: - | AD33: - | AE33: 34.3 | AF33: 国際会議等での情報発信（件） | AG33: 33 | AH33: 3488203 | AI33: - | AJ33: - | AK33: - | AL33: - | AM33: - | AN33: - | AO33: - | AP33: - | AQ33: - | AR33: - | AS33: - | AT33: - | AU33: - | AV33: - | AW33: - | AX33: - | AY33: -
A34: ='事業マスタ（管理用）'!F155 -> 0204 | B34: 27 | C34: 農林水産省 | D34: 森林病害虫等被害対策事業（森林害虫駆除事業委託） | E34: その他事業型 | F34: 外部機関利用型 | G34: 262916596 | H34: 6145178 | I34: 2742922 | J34: 3349130 | K34: 53126 | L34: - | M34: - | N34: 0.4 | O34: 256771418 | P34: 73308550 | Q34: 73308550 | R34: - | S34: 183462868 | T34: 182222929 | U34: 1239939 | V34: - | W34: - | X34: 11.5 | Y34: - | Z34: - | AA34: 2 | AB34: 720319 | AC34: - | AD34: - | AE34: 28.9 | AF34: 市町村・事業体件数（件） | AG34: 34 | AH34: 7732841 | AI34: - | AJ34: - | AK34: - | AL34: - | AM34: - | AN34: - | AO34: - | AP34: - | AQ34: - | AR34: - | AS34: - | AT34: - | AU34: - | AV34: - | AW34: - | AX34: - | AY34: -
A35: ='事業マスタ（管理用）'!F149 -> 0110 | B35: 28 | C35: 農林水産省 | D35: 水産資源調査・評価に係る業務 | E35: その他事業型 | F35: 外部機関利用型 | G35: 5348207210 | H35: 36935960 | I35: 26743498 | J35: 10156445 | K35: 36017 | L35: - | M35: - | N35: 3.9 | O35: 5311271250 | P35: 906077725 | Q35: 906077725 | R35: - | S35: 4405193525 | T35: 4405193525 | U35: - | V35: - | W35: - | X35: - | Y35: - | Z35: - | AA35: 43 | AB35: 14652622 | AC35: - | AD35: - | AE35: 17.4 | AF35: 資源評価対象魚種数（種） | AG35: 271 | AH35: 19735081 | AI35: - | AJ35: - | AK35: - | AL35: - | AM35: - | AN35: - | AO35: - | AP35: - | AQ35: - | AR35: - | AS35: - | AT35: - | AU35: - | AV35: - | AW35: - | AX35: - | AY35: -
C37: （注1）「国における職員数」は、「人にかかるコスト」等を算出する際に把握した事業・業務に従事した各職員の事業・業務に係る概ねの業務量の割合の合計値を参考として表示したものであり、事業・業務に実際に従事している「実員数」や「定員数」を表すものではありません。
C38: なお、「通関業務」においては、「通関業務」の規模感が推測可能となり、水際取締りに支障をきたす可能性があるため非表示としています。
C39: （注2）人件費と人件費以外に区分したコスト算出が出来ないため、業務費用の合計値を記載しています。また、正確な人件費率の算出が出来ないため空欄としています。
C40: （注3）事業別フルコスト情報の作成要領に基づき、コスト算出の見直し等を行ったことから、過年度公表済のデータベースと計数が異なることがあります。

Sheet 令和２年度 
G2: （円） | H2: （円） | I2: （円） | J2: （円） | K2: （円） | L2: （円） | M2: （円） | N2: （人） | O2: （円） | P2: （円） | Q2: （円） | R2: （円） | S2: （円） | T2: （円） | U2: （円） | V2: （円） | W2: （円） | X2: （人） | Y2: （円） | Z2: （％） | AA2: （円） | AB2: （円） | AC2: （円） | AD2: （％） | AE2: （％） | AH2: （円） | AK2: （円） | AN2: （円） | AQ2: （円） | AS2: （円） | AT2: （年） | AU2: （円） | AW2: （円） | AX2: （年） | AY2: （円）
C3: 省庁名 | D3: 事業・業務名 | E3: 事業類型 | F3: 事業実施区分 | G3: フルコスト合計 | Y3: 自己収入 | Z3: 自己収入比率 | AA3: 国民1人当たり コスト | AB3: 1日当たり コスト | AC3: 資源配分額 | AD3: 間接コスト率 | AE3: 人件費比率 | AF3: 設定単位① | AI3: 設定単位② | AL3: 設定単位③ | AO3: 設定単位④ | AR3: 保有する主な資産① | AV3: 保有する主な資産②
H4: 国における フルコスト合計 | N4: 国における 職員数 | O4: 独法等における フルコスト合計 | X4: 独法等における 職員数 | AF4: 単位 | AG4: 実績値 | AH4: 単位当たり コスト | AI4: 単位 | AJ4: 実績値 | AK4: 単位当たり コスト | AL4: 単位 | AM4: 実績値 | AN4: 単位当たり コスト | AO4: 単位 | AP4: 実績値 | AQ4: 単位当たり コスト | AR4: 種類 | AS4: 取得価額 | AT4: 耐用年数 | AU4: 金額 | AV4: 種類 | AW4: 取得価額 | AX4: 耐用年数 | AY4: 金額
I5: 人にかかるコスト | J5: 物にかかるコスト | K5: 庁舎等 （減価償却費） | L5: 事業コスト | P5: 業務費用 （人件費） | S5: 業務費用 （人件費以外） | V5: 減価償却相当額(損益外減価償却相当額） | W5: （その他）減損損失相当額等（損益外減損損失相当額等）
M6: うち、減価償却費 | Q6: 業務費のうち、人件費 | R6: 一般管理費等のうち、人件費 | T6: 業務費のうち、人件費以外 | U6: 一般管理費のうち、人件費以外
A8: ='事業マスタ（管理用）'!F129 -> 0090 | C8: 農林水産省 | D8: 獣医療提供体制整備推進総合対策事業（獣医師養成確保修学資金給付事業） | E8: 補助金・給付金事業型 | F8: 単独型 | G8: 9627195 | H8: 9627195 | I8: 6173045 | J8: 3441388 | K8: 12761 | L8: - | M8: - | N8: 0.9 | O8: - | P8: - | Q8: - | R8: - | S8: - | T8: - | U8: - | V8: - | W8: - | X8: - | Y8: - | Z8: - | AA8: 0.07 | AB8: 26375 | AC8: 137205621 | AD8: 7 | AE8: 64.1 | AF8: 交付件数（件） | AG8: 21 | AH8: 458437 | AI8: - | AJ8: - | AK8: - | AL8: - | AM8: - | AN8: - | AO8: - | AP8: - | AQ8: - | AR8: - | AS8: - | AT8: - | AU8: - | AV8: - | AW8: - | AX8: - | AY8: -
A9: ='事業マスタ（管理用）'!F130 -> 0091 | C9: 農林水産省 | D9: 農業知的財産保護・活用支援事業 | E9: 補助金・給付金事業型 | F9: 単独型 | G9: 2128375 | H9: 2128375 | I9: 1371787 | J9: 754246 | K9: 2341 | L9: - | M9: - | N9: 0.2 | O9: - | P9: - | Q9: - | R9: - | S9: - | T9: - | U9: - | V9: - | W9: - | X9: - | Y9: - | Z9: - | AA9: 0.01 | AB9: 5831 | AC9: 62777938 | AD9: 3.3 | AE9: 64.4 | AF9: 交付件数（件） | AG9: 1 | AH9: 2128375 | AI9: - | AJ9: - | AK9: - | AL9: - | AM9: - | AN9: - | AO9: - | AP9: - | AQ9: - | AR9: - | AS9: - | AT9: - | AU9: - | AV9: - | AW9: - | AX9: - | AY9: -
A10: ='事業マスタ（管理用）'!F131 -> 0092 | C10: 農林水産省 | D10: 戦略的輸出拡大サポート事業（商談会及び見本市への出展等サポート） | E10: 補助金・給付金事業型 | F10: 単独型 | G10: 3192563 | H10: 3192563 | I10: 2057681 | J10: 1131369 | K10: 3512 | L10: - | M10: - | N10: 0.3 | O10: - | P10: - | Q10: - | R10: - | S10: - | T10: - | U10: - | V10: - | W10: - | X10: - | Y10: - | Z10: - | AA10: 0.02 | AB10: 8746 | AC10: 340131342 | AD10: 0.9 | AE10: 64.4 | AF10: 商談会・見本市件数（回） | AG10: 48 | AH10: 66511 | AI10: 交付件数（件） | AJ10: 2 | AK10: 1596281 | AL10: - | AM10: - | AN10: - | AO10: - | AP10: - | AQ10: - | AR10: - | AS10: - | AT10: - | AU10: - | AV10: - | AW10: - | AX10: - | AY10: -
A11: ='事業マスタ（管理用）'!F132 -> 0093 | C11: 農林水産省 | D11: 緊急食糧支援事業 | E11: 補助金・給付金事業型 | F11: 単独型 | G11: 4266543 | H11: 4266543 | I11: 2743575 | J11: 1508492 | K11: 14475 | L11: - | M11: - | N11: 0.4 | O11: - | P11: - | Q11: - | R11: - | S11: - | T11: - | U11: - | V11: - | W11: - | X11: - | Y11: - | Z11: - | AA11: 0.03 | AB11: 11689 | AC11: 8454596215 | AD11: 0.05 | AE11: 64.3 | AF11: 交付件数（件） | AG11: 1 | AH11: 4266543 | AI11: - | AJ11: - | AK11: - | AL11: - | AM11: - | AN11: - | AO11: - | AP11: - | AQ11: - | AR11: - | AS11: - | AT11: - | AU11: - | AV11: - | AW11: - | AX11: - | AY11: -
A12: ='事業マスタ（管理用）'!F133 -> 0094 | C12: 農林水産省 | D12: 飼料穀物備蓄対策事業 | E12: 補助金・給付金事業型 | F12: 単独型 | G12: 12767715 | H12: 12767715 | I12: 8230727 | J12: 4525476 | K12: 11511 | L12: - | M12: - | N12: 1.2 | O12: - | P12: - | Q12: - | R12: - | S12: - | T12: - | U12: - | V12: - | W12: - | X12: - | Y12: - | Z12: - | AA12: 0.1 | AB12: 34980 | AC12: 1840045450 | AD12: 0.6 | AE12: 64.4 | AF12: 交付件数（件） | AG12: 32 | AH12: 398991 | AI12: - | AJ12: - | AK12: - | AL12: - | AM12: - | AN12: - | AO12: - | AP12: - | AQ12: - | AR12: - | AS12: - | AT12: - | AU12: - | AV12: - | AW12: - | AX12: - | AY12: -
A13: ='事業マスタ（管理用）'!F134 -> 0095 | C13: 農林水産省 | D13: 農業共済組合連合会等交付金事業 | E13: 補助金・給付金事業型 | F13: 単独型 | G13: 63134975 | H13: 63134975 | I13: 58300984 | J13: 4833991 | K13: - | L13: - | M13: - | N13: 8.5 | O13: - | P13: - | Q13: - | R13: - | S13: - | T13: - | U13: - | V13: - | W13: - | X13: - | Y13: - | Z13: - | AA13: 0.5 | AB13: 172972 | AC13: 38211456471 | AD13: 0.1 | AE13: 92.3 | AF13: 交付件数（件） | AG13: 886 | AH13: 71258 | AI13: - | AJ13: - | AK13: - | AL13: - | AM13: - | AN13: - | AO13: - | AP13: - | AQ13: - | AR13: - | AS13: - | AT13: - | AU13: - | AV13: - | AW13: - | AX13: - | AY13: -
A14: ='事業マスタ（管理用）'!F135 -> 0096 | C14: 農林水産省 | D14: 農業共済事業事務費負担金事業 | E14: 補助金・給付金事業型 | F14: 単独型 | G14: 22282932 | H14: 22282932 | I14: 20576818 | J14: 1706114 | K14: - | L14: - | M14: - | N14: 3 | O14: - | P14: - | Q14: - | R14: - | S14: - | T14: - | U14: - | V14: - | W14: - | X14: - | Y14: - | Z14: - | AA14: 0.1 | AB14: 61049 | AC14: 33679708000 | AD14: 0.06 | AE14: 92.3 | AF14: 交付件数（件） | AG14: 68 | AH14: 327690 | AI14: - | AJ14: - | AK14: - | AL14: - | AM14: - | AN14: - | AO14: - | AP14: - | AQ14: - | AR14: - | AS14: - | AT14: - | AU14: - | AV14: - | AW14: - | AX14: - | AY14: -
A15: ='事業マスタ（管理用）'!F136 -> 0097 | C15: 農林水産省 | D15: 農村地域防災減災事業 | E15: 補助金・給付金事業型 | F15: 単独型 | G15: 163529933 | H15: 163529933 | I15: 149524877 | J15: 12829771 | K15: 1175284 | L15: - | M15: - | N15: 21.8 | O15: - | P15: - | Q15: - | R15: - | S15: - | T15: - | U15: - | V15: - | W15: - | X15: - | Y15: - | Z15: - | AA15: 1 | AB15: 448027 | AC15: 84257424973 | AD15: 0.1 | AE15: 91.4 | AF15: 交付件数（件） | AG15: 455 | AH15: 359406 | AI15: - | AJ15: - | AK15: - | AL15: - | AM15: - | AN15: - | AO15: - | AP15: - | AQ15: - | AR15: - | AS15: - | AT15: - | AU15: - | AV15: - | AW15: - | AX15: - | AY15: -
A16: ='事業マスタ（管理用）'!F137 -> 0098 | C16: 農林水産省 | D16: 治山事業 | E16: 補助金・給付金事業型 | F16: 単独型 | G16: 60996586 | H16: 60996586 | I16: 29493439 | J16: 30935656 | K16: 567490 | L16: - | M16: - | N16: 4.3 | O16: - | P16: - | Q16: - | R16: - | S16: - | T16: - | U16: - | V16: - | W16: - | X16: - | Y16: - | Z16: - | AA16: 0.4 | AB16: 167113 | AC16: 39450283802 | AD16: 0.1 | AE16: 48.3 | AF16: 交付件数（件） | AG16: 552 | AH16: 110501 | AI16: - | AJ16: - | AK16: - | AL16: - | AM16: - | AN16: - | AO16: - | AP16: - | AQ16: - | AR16: - | AS16: - | AT16: - | AU16: - | AV16: - | AW16: - | AX16: - | AY16: -
A17: ='事業マスタ（管理用）'!F138 -> 0099 | C17: 農林水産省 | D17: 水産業改良普及事業交付金事業 | E17: 補助金・給付金事業型 | F17: 単独型 | G17: 7567287 | H17: 7567287 | I17: 5487151 | J17: 2067637 | K17: 12498 | L17: - | M17: - | N17: 0.8 | O17: - | P17: - | Q17: - | R17: - | S17: - | T17: - | U17: - | V17: - | W17: - | X17: - | Y17: - | Z17: - | AA17: 0.06 | AB17: 20732 | AC17: 68130000 | AD17: 11.1 | AE17: 72.5 | AF17: 交付件数（件） | AG17: 36 | AH17: 210202 | AI17: 普及指導員数（人） | AJ17: 433 | AK17: 17476 | AL17: - | AM17: - | AN17: - | AO17: - | AP17: - | AQ17: - | AR17: - | AS17: - | AT17: - | AU17: - | AV17: - | AW17: - | AX17: - | AY17: -
A18: ='事業マスタ（管理用）'!F139 -> 0100 | C18: 農林水産省 | D18: 輸出環境整備推進事業（証明書発給等の体制強化支援事業） | E18: 補助金・給付金事業型 | F18: 外部機関利用型 | G18: 16843113 | H18: 6385126 | I18: 4115363 | J18: 2262738 | K18: 7024 | L18: - | M18: - | N18: 0.6 | O18: 10457987 | P18: 4208560 | Q18: 3607135 | R18: 601425 | S18: 5654025 | T18: 2375561 | U18: 3278464 | V18: 595401 | W18: - | X18: 11 | Y18: - | Z18: - | AA18: 0.1 | AB18: 46145 | AC18: 128263944 | AD18: 13.1 | AE18: 49.4 | AF18: 採択機関数（機関） | AG18: 14 | AH18: 1203079 | AI18: - | AJ18: - | AK18: - | AL18: - | AM18: - | AN18: - | AO18: - | AP18: - | AQ18: - | AR18: - | AS18: - | AT18: - | AU18: - | AV18: - | AW18: - | AX18: - | AY18: -
A19: ='事業マスタ（管理用）'!F140 -> 0101 | C19: 農林水産省 | D19: 野菜価格安定対策事業（指定野菜価格安定対策事業） | E19: 補助金・給付金事業型 | F19: 外部機関利用型 | G19: 308194709 | H19: 32983264 | I19: 21262711 | J19: 11690814 | K19: 29737 | L19: - | M19: - | N19: 3.1 | O19: 275211444 | P19: 176269926 | Q19: 114393831 | R19: 61876095 | S19: 98907111 | T19: 64448105 | U19: 34459006 | V19: - | W19: 34406 | X19: 15 | Y19: 88121571 | Z19: 28.5 | AA19: 2 | AB19: 844369 | AC19: 11634076000 | AD19: 2.6 | AE19: 64 | AF19: 指定野菜価格安定対策事業予約数量（トン） | AG19: 2714398 | AH19: 113 | AI19: - | AJ19: - | AK19: - | AL19: - | AM19: - | AN19: - | AO19: - | AP19: - | AQ19: - | AR19: - | AS19: - | AT19: - | AU19: - | AV19: - | AW19: - | AX19: - | AY19: -
A20: ='事業マスタ（管理用）'!F141 -> 0102 | C20: 農林水産省 | D20: 加工原料乳生産者補給金等事業 | E20: 補助金・給付金事業型 | F20: 外部機関利用型 | G20: 150010885 | H20: 14895667 | I20: 9602515 | J20: 5279722 | K20: 13429 | L20: - | M20: - | N20: 1.4 | O20: 135115217 | P20: 92693211 | Q20: 59766914 | R20: 32926297 | S20: 42422005 | T20: 27830883 | U20: 14591122 | V20: - | W20: - | X20: 6.5 | Y20: 247706 | Z20: 0.1 | AA20: 1 | AB20: 410988 | AC20: 35801684955 | AD20: 0.4 | AE20: 68.1 | AF20: 対象事業者数（件） | AG20: 90 | AH20: 1666787 | AI20: - | AJ20: - | AK20: - | AL20: - | AM20: - | AN20: - | AO20: - | AP20: - | AQ20: - | AR20: - | AS20: - | AT20: - | AU20: - | AV20: - | AW20: - | AX20: - | AY20: -
A21: ='事業マスタ（管理用）'!F142 -> 0103 | C21: 農林水産省 | D21: 農業者年金事業 | E21: 補助金・給付金事業型 | F21: 外部機関利用型 | G21: 2491712290 | H21: 8518727 | I21: 5487151 | J21: 3016984 | K21: 14591 | L21: - | M21: - | N21: 0.8 | O21: 2483193562 | P21: 532096146 | Q21: 366950398 | R21: 165145748 | S21: 1951097416 | T21: 1848837299 | U21: 102260117 | V21: - | W21: - | X21: 41.9 | Y21: - | Z21: - | AA21: 20 | AB21: 6826609 | AC21: 82358668016 | AD21: 3 | AE21: 21.5 | AF21: 受給権者等数（人） | AG21: 428374 | AH21: 5816 | AI21: - | AJ21: - | AK21: - | AL21: - | AM21: - | AN21: - | AO21: - | AP21: - | AQ21: - | AR21: - | AS21: - | AT21: - | AU21: - | AV21: - | AW21: - | AX21: - | AY21: -
A22: ='事業マスタ（管理用）'!F143 -> 0104 | C22: 農林水産省 | D22: 多面的機能支払交付金事業 | E22: 補助金・給付金事業型 | F22: 外部機関利用型 | G22: 1774531580 | H22: 1774531580 | I22: 157755604 | J22: 13535997 | K22: 1239978 | L22: 1602000000 | M22: - | N22: 23 | O22: - | P22: - | Q22: - | R22: - | S22: - | T22: - | U22: - | V22: - | W22: - | X22: - | Y22: - | Z22: - | AA22: 14 | AB22: 4861730 | AC22: 47050000000 | AD22: 3.7 | AE22: 8.8 | AF22: 本事業に取り組む活動組織数（組織） | AG22: 26233 | AH22: 67645 | AI22: 活動組織により保全管理している農用地面積（㏊） | AJ22: 2290820 | AK22: 774 | AL22: 活動組織により保全管理している水路延長（㎞） | AM22: 428929 | AN22: 4137 | AO22: 活動組織により保全管理しているため池の数（箇所） | AP22: 46076 | AQ22: 38513 | AR22: - | AS22: - | AT22: - | AU22: - | AV22: - | AW22: - | AX22: - | AY22: -
A23: ='事業マスタ（管理用）'!F144 -> 0105 | C23: 農林水産省 | D23: 「緑の雇用」新規就業者育成推進事業 | E23: 補助金・給付金事業型 | F23: 外部機関利用型 | G23: 313833378 | H23: 14185251 | I23: 6858939 | J23: 7194338 | K23: 131974 | L23: - | M23: - | N23: 1 | O23: 299648127 | P23: 197180864 | Q23: 97763932 | R23: 99416932 | S23: 102467263 | T23: 71621992 | U23: 30845271 | V23: - | W23: - | X23: 14.3 | Y23: - | Z23: - | AA23: 2 | AB23: 859817 | AC23: 2811460459 | AD23: 11.1 | AE23: 65 | AF23: 研修実施者数（人） | AG23: 2042 | AH23: 153689 | AI23: - | AJ23: - | AK23: - | AL23: - | AM23: - | AN23: - | AO23: - | AP23: - | AQ23: - | AR23: - | AS23: - | AT23: - | AU23: - | AV23: - | AW23: - | AX23: - | AY23: -
A24: ='事業マスタ（管理用）'!F145 -> 0106 | C24: 農林水産省 | D24: 離島漁業再生支援等交付金事業 | E24: 補助金・給付金事業型 | F24: 外部機関利用型 | G24: 72264724 | H24: 72264724 | I24: 21948605 | J24: 8270550 | K24: 49995 | L24: 41995573 | M24: - | N24: 3.2 | O24: - | P24: - | Q24: - | R24: - | S24: - | T24: - | U24: - | V24: - | W24: - | X24: - | Y24: - | Z24: - | AA24: 0.5 | AB24: 197985 | AC24: 1258732400 | AD24: 5.7 | AE24: 30.3 | AF24: 対象漁業集落が行った取組数（件） | AG24: 1251 | AH24: 57765 | AI24: 離島漁業就業者（人） | AJ24: 16262 | AK24: 4443 | AL24: - | AM24: - | AN24: - | AO24: - | AP24: - | AQ24: - | AR24: - | AS24: - | AT24: - | AU24: - | AV24: - | AW24: - | AX24: - | AY24: -
A25: ='事業マスタ（管理用）'!F146 -> 0107 | C25: 農林水産省 | D25: 獣医師国家試験業務 | E25: 受益者負担事業型 | F25: 単独型 | G25: 34596623 | H25: 34596623 | I25: 6858939 | J25: 27723503 | K25: 14179 | L25: - | M25: - | N25: 1 | O25: - | P25: - | Q25: - | R25: - | S25: - | T25: - | U25: - | V25: - | W25: - | X25: - | Y25: 17028000 | Z25: 49.2 | AA25: 0.2 | AB25: 94785 | AC25: - | AD25: - | AE25: 19.8 | AF25: 申込者数（人） | AG25: 1176 | AH25: 29418 | AI25: - | AJ25: - | AK25: - | AL25: - | AM25: - | AN25: - | AO25: - | AP25: - | AQ25: - | AR25: - | AS25: - | AT25: - | AU25: - | AV25: - | AW25: - | AX25: - | AY25: -
A26: ='事業マスタ（管理用）'!F147 -> 0108 | C26: 農林水産省 | D26: 輸出入植物検疫業務 | E26: その他事業型 | F26: 単独型 | G26: 8704470835 | H26: 8704470835 | I26: 6592812487 | J26: 1071438451 | K26: 49413071 | L26: 990806825 | M26: 45122961 | N26: 961.2 | O26: - | P26: - | Q26: - | R26: - | S26: - | T26: - | U26: - | V26: - | W26: - | X26: - | Y26: - | Z26: - | AA26: 70 | AB26: 23847865 | AC26: - | AD26: - | AE26: 75.7 | AF26: 輸出入植物検疫件数（件） | AG26: 909284 | AH26: 9572 | AI26: - | AJ26: - | AK26: - | AL26: - | AM26: - | AN26: - | AO26: - | AP26: - | AQ26: - | AR26: 無形固定資産（システム） | AS26: 78841080 | AT26: 5 | AU26: 15768216 | AV26: 無形固定資産（システム） | AW26: 10707120 | AX26: 5 | AY26: 6245820
A27: ='事業マスタ（管理用）'!F148 -> 0109 | C27: 農林水産省 | D27: 輸出入動畜産物検疫業務 | E27: その他事業型 | F27: 単独型 | G27: 4338514280 | H27: 4338514280 | I27: 2336154736 | J27: 379662855 | K27: 17509459 | L27: 1605187229 | M27: 15678421 | N27: 340.6 | O27: - | P27: - | Q27: - | R27: - | S27: - | T27: - | U27: - | V27: - | W27: - | X27: - | Y27: - | Z27: - | AA27: 35 | AB27: 11886340 | AC27: - | AD27: - | AE27: 53.8 | AF27: 動畜産物輸出入検査件数（件） | AG27: 388917 | AH27: 11155 | AI27: - | AJ27: - | AK27: - | AL27: - | AM27: - | AN27: - | AO27: - | AP27: - | AQ27: - | AR27: 物品（移動式レンダリング装置） | AS27: 166760000 | AT27: 10 | AU27: 165509300 | AV27: 物品（移動式レンダリング装置） | AW27: 166760000 | AX27: 10 | AY27: 165509300
A28: ='事業マスタ（管理用）'!F156 -> 0205 | C28: 農林水産省 | D28: 水産基盤整備事業（直轄） | E28: その他事業型 | F28: 単独型 | G28: 3612943322 | H28: 3612943322 | I28: 51442045 | J28: 19384101 | K28: 117176 | L28: 3542000000 | M28: - | N28: 7.5 | O28: - | P28: - | Q28: - | R28: - | S28: - | T28: - | U28: - | V28: - | W28: - | X28: - | Y28: - | Z28: - | AA28: 29 | AB28: 9898474 | AC28: - | AD28: - | AE28: 1.4 | AF28: フロンティア漁場整備事業１整備地区数（地区） | AG28: 4 | AH28: 903235830 | AI28: - | AJ28: - | AK28: - | AL28: - | AM28: - | AN28: - | AO28: - | AP28: - | AQ28: - | AR28: - | AS28: - | AT28: - | AU28: - | AV28: - | AW28: - | AX28: - | AY28: -
A29: ='事業マスタ（管理用）'!F150 -> 0199 | C29: 農林水産省 | D29: 牛肉トレーサビリティ業務委託事業 | E29: その他事業型 | F29: 外部機関利用型 | G29: 299837964 | H29: 69354260 | I29: 61730453 | J29: 7182183 | K29: 441624 | L29: - | M29: - | N29: 9 | O29: 230483704 | P29: 19635061 | Q29: 19635061 | R29: - | S29: 210848643 | T29: 210840539 | U29: 8104 | V29: - | W29: - | X29: 5.5 | Y29: - | Z29: - | AA29: 2 | AB29: 821473 | AC29: - | AD29: - | AE29: 27.1 | AF29: DNA鑑定照合用サンプル採取点数（点） | AG29: 1051748 | AH29: 285 | AI29: DNA鑑定分析点数（点） | AJ29: 15001 | AK29: 19987 | AL29: - | AM29: - | AN29: - | AO29: - | AP29: - | AQ29: - | AR29: - | AS29: - | AT29: - | AU29: - | AV29: - | AW29: - | AX29: - | AY29: -
A30: ='事業マスタ（管理用）'!F151 -> 0200 | C30: 農林水産省 | D30: 輸出環境整備推進事業（輸出先国が求めるデータ収集や課題対応のための調査等） | E30: その他事業型 | F30: 外部機関利用型 | G30: 238005354 | H30: 16908726 | I30: 10974302 | J30: 5915300 | K30: 19124 | L30: - | M30: - | N30: 1.6 | O30: 221096628 | P30: 143975417 | Q30: 143975417 | R30: - | S30: 77121211 | T30: 77121211 | U30: - | V30: - | W30: - | X30: 13 | Y30: - | Z30: - | AA30: 1 | AB30: 652069 | AC30: - | AD30: - | AE30: 65.1 | AF30: 報告書等作成件数（件） | AG30: 13 | AH30: 18308104 | AI30: - | AJ30: - | AK30: - | AL30: - | AM30: - | AN30: - | AO30: - | AP30: - | AQ30: - | AR30: - | AS30: - | AT30: - | AU30: - | AV30: - | AW30: - | AX30: - | AY30: -
A31: ='事業マスタ（管理用）'!F152 -> 0201 | C31: 農林水産省 | D31: 国立研究開発法人農業・食品産業技術総合研究機構農業機械化促進業務 | E31: その他事業型 | F31: 外部機関利用型 | G31: 1880298038 | H31: 10639761 | I31: 6858939 | J31: 3771230 | K31: 9592 | L31: - | M31: - | N31: 1 | O31: 1869658277 | P31: 865730935 | Q31: 653076579 | R31: 212654356 | S31: 862408937 | T31: 775293094 | U31: 87115843 | V31: 141518405 | W31: - | X31: 75 | Y31: 56967000 | Z31: 3 | AA31: 15 | AB31: 5151501 | AC31: - | AD31: - | AE31: 46.4 | AF31: 研究課題数（件) | AG31: 51 | AH31: 36868588 | AI31: - | AJ31: - | AK31: - | AL31: - | AM31: - | AN31: - | AO31: - | AP31: - | AQ31: - | AR31: - | AS31: - | AT31: - | AU31: - | AV31: - | AW31: - | AX31: - | AY31: -
A32: ='事業マスタ（管理用）'!F154 -> 0203 | C32: 農林水産省 | D32: 海外農林業開発協力問題調査等事業 | E32: その他事業型 | F32: 外部機関利用型 | G32: 71070090 | H32: 12772402 | I32: 8230727 | J32: 4525476 | K32: 16199 | L32: - | M32: - | N32: 1.2 | O32: 58297688 | P32: 27277091 | Q32: 25912280 | R32: 1364811 | S32: 31020597 | T32: 29714961 | U32: 1305636 | V32: - | W32: - | X32: 8.6 | Y32: - | Z32: - | AA32: 0.5 | AB32: 194712 | AC32: - | AD32: - | AE32: 49.9 | AF32: 国際会議等での情報発信（件） | AG32: 25 | AH32: 2842803 | AI32: - | AJ32: - | AK32: - | AL32: - | AM32: - | AN32: - | AO32: - | AP32: - | AQ32: - | AR32: - | AS32: - | AT32: - | AU32: - | AV32: - | AW32: - | AX32: - | AY32: -
A33: ='事業マスタ（管理用）'!F155 -> 0204 | C33: 農林水産省 | D33: 森林病害虫等被害対策事業（森林害虫駆除事業委託） | E33: その他事業型 | F33: 外部機関利用型 | G33: 270732542 | H33: 5674099 | I33: 2743575 | J33: 2877735 | K33: 52789 | L33: - | M33: - | N33: 0.4 | O33: 265058443 | P33: 79499000 | Q33: 79499000 | R33: - | S33: 185559443 | T33: 183823573 | U33: 1735870 | V33: - | W33: - | X33: 12.4 | Y33: - | Z33: - | AA33: 2 | AB33: 741732 | AC33: - | AD33: - | AE33: 30.3 | AF33: 市町村・事業体件数（件） | AG33: 35 | AH33: 7735215 | AI33: - | AJ33: - | AK33: - | AL33: - | AM33: - | AN33: - | AO33: - | AP33: - | AQ33: - | AR33: - | AS33: - | AT33: - | AU33: - | AV33: - | AW33: - | AX33: - | AY33: -
A34: ='事業マスタ（管理用）'!F149 -> 0110 | C34: 農林水産省 | D34: 水産資源調査・評価に係る業務 | E34: その他事業型 | F34: 外部機関利用型 | G34: 4820814643 | H34: 36890528 | I34: 26749863 | J34: 10079732 | K34: 60931 | L34: - | M34: - | N34: 3.9 | O34: 4783924115 | P34: 885155252 | Q34: 885155252 | R34: - | S34: 3898768863 | T34: 3898768863 | U34: - | V34: - | W34: - | X34: - | Y34: - | Z34: - | AA34: 39 | AB34: 13207711 | AC34: - | AD34: - | AE34: 18.9 | AF34: 資源評価対象魚種数（種） | AG34: 192 | AH34: 25108409 | AI34: - | AJ34: - | AK34: - | AL34: - | AM34: - | AN34: - | AO34: - | AP34: - | AQ34: - | AR34: - | AS34: - | AT34: - | AU34: - | AV34: - | AW34: - | AX34: - | AY34: -
C36: （注1）「国における職員数」は、「人にかかるコスト」等を算出する際に把握した事業・業務に従事した各職員の事業・業務に係る概ねの業務量の割合の合計値を参考として表示したものであり、事業・業務に実際に従事している「実員数」や「定員数」を表すものではありません。
C37: なお、「通関業務」においては、「通関業務」の規模感が推測可能となり、水際取締りに支障をきたす可能性があるため非表示としています。
C38: （注2）事業別フルコスト情報の作成要領に基づき、コスト算出の見直し等を行ったことから、過年度公表済のデータベースと計数が異なることがあります。

Sheet 令和元年度  
G2: （円） | H2: （円） | I2: （円） | J2: （円） | K2: （円） | L2: （円） | M2: （円） | N2: （人） | O2: （円） | P2: （円） | Q2: （円） | R2: （円） | S2: （円） | T2: （円） | U2: （円） | V2: （円） | W2: （円） | X2: （人） | Y2: （円） | Z2: （％） | AA2: （円） | AB2: （円） | AC2: （円） | AD2: （％） | AE2: （％） | AH2: （円） | AK2: （円） | AN2: （円） | AQ2: （円） | AS2: （円） | AT2: （年） | AU2: （円） | AW2: （円） | AX2: （年） | AY2: （円）
C3: 省庁名 | D3: 事業・業務名 | E3: 事業類型 | F3: 事業実施区分 | G3: フルコスト合計 | Y3: 自己収入 | Z3: 自己収入比率 | AA3: 国民1人当たり コスト | AB3: 1日当たり コスト | AC3: 資源配分額 | AD3: 間接コスト率 | AE3: 人件費比率 | AF3: 設定単位① | AI3: 設定単位② | AL3: 設定単位③ | AO3: 設定単位④ | AR3: 保有する資産① | AV3: 保有する資産②
H4: 国における フルコスト合計 | N4: 国における 職員数 | O4: 独法等における フルコスト合計 | X4: 独法等における 職員数 | AF4: 単位 | AG4: 実績値 | AH4: 単位当たり コスト | AI4: 単位 | AJ4: 実績値 | AK4: 単位当たり コスト | AL4: 単位 | AM4: 実績値 | AN4: 単位当たり コスト | AO4: 単位 | AP4: 実績値 | AQ4: 単位当たり コスト | AR4: 種類 | AS4: 取得価額 | AT4: 耐用年数 | AU4: 金額 | AV4: 種類 | AW4: 取得価額 | AX4: 耐用年数 | AY4: 金額
I5: 人にかかるコスト | J5: 物にかかるコスト | K5: 庁舎等 （減価償却費） | L5: 事業コスト | P5: 業務費用 （人件費） | S5: 業務費用 （人件費以外） | V5: 減価償却相当額(損益外減価償却相当額） | W5: （その他）減損損失相当額等（損益外減損損失相当額等）
M6: うち、減価償却費 | Q6: 業務費のうち、人件費 | R6: 一般管理費等のうち、人件費 | T6: 業務費のうち、人件費以外 | U6: 一般管理費のうち、人件費以外
A8: ='事業マスタ（管理用）'!F129 -> 0090 | C8: 農林水産省 | D8: 獣医療提供体制整備推進総合対策事業（獣医師養成確保修学資金給付事業） | E8: 補助金・給付金事業型 | F8: 単独型 | G8: 9756837 | H8: 9756837 | I8: 6257690 | J8: 3475816 | K8: 23330 | L8: - | M8: - | N8: 0.9 | O8: - | P8: - | Q8: - | R8: - | S8: - | T8: - | U8: - | V8: - | W8: - | X8: - | Y8: - | Z8: - | AA8: 0.07 | AB8: 26658 | AC8: 128232813 | AD8: 7.6 | AE8: 64.1 | AF8: 交付件数（件） | AG8: 21 | AH8: 464611 | AI8: - | AJ8: - | AK8: - | AL8: - | AM8: - | AN8: - | AO8: - | AP8: - | AQ8: - | AR8: - | AS8: - | AT8: - | AU8: - | AV8: - | AW8: - | AX8: - | AY8: -
A9: ='事業マスタ（管理用）'!F131 -> 0092 | C9: 農林水産省 | D9: 戦略的輸出拡大サポート事業（商談会及び見本市への出展等サポート） | E9: 補助金・給付金事業型 | F9: 単独型 | G9: 3208133 | H9: 3208133 | I9: 2085896 | J9: 1115682 | K9: 6555 | L9: - | M9: - | N9: 0.3 | O9: - | P9: - | Q9: - | R9: - | S9: - | T9: - | U9: - | V9: - | W9: - | X9: - | Y9: - | Z9: - | AA9: 0.02 | AB9: 8765 | AC9: 850764456 | AD9: 0.3 | AE9: 65 | AF9: 交付件数（件） | AG9: 2 | AH9: 1604066 | AI9: 商談会・見本市件数（回） | AJ9: 47 | AK9: 68258 | AL9: - | AM9: - | AN9: - | AO9: - | AP9: - | AQ9: - | AR9: - | AS9: - | AT9: - | AU9: - | AV9: - | AW9: - | AX9: - | AY9: -
A10: ='事業マスタ（管理用）'!F132 -> 0093 | C10: 農林水産省 | D10: 緊急食糧支援事業 | E10: 補助金・給付金事業型 | F10: 単独型 | G10: 4294644 | H10: 4294644 | I10: 2781195 | J10: 1487577 | K10: 25871 | L10: - | M10: - | N10: 0.4 | O10: - | P10: - | Q10: - | R10: - | S10: - | T10: - | U10: - | V10: - | W10: - | X10: - | Y10: - | Z10: - | AA10: 0.03 | AB10: 11734 | AC10: 8513577364 | AD10: 0.05 | AE10: 64.7 | AF10: 交付件数（件） | AG10: 1 | AH10: 4294644 | AI10: - | AJ10: - | AK10: - | AL10: - | AM10: - | AN10: - | AO10: - | AP10: - | AQ10: - | AR10: - | AS10: - | AT10: - | AU10: - | AV10: - | AW10: - | AX10: - | AY10: -
A11: ='事業マスタ（管理用）'!F133 -> 0094 | C11: 農林水産省 | D11: 飼料穀物備蓄対策事業 | E11: 補助金・給付金事業型 | F11: 単独型 | G11: 12827143 | H11: 12827143 | I11: 8343586 | J11: 4462731 | K11: 20824 | L11: - | M11: - | N11: 1.2 | O11: - | P11: - | Q11: - | R11: - | S11: - | T11: - | U11: - | V11: - | W11: - | X11: - | Y11: - | Z11: - | AA11: 0.1 | AB11: 35046 | AC11: 1117585375 | AD11: 1.1 | AE11: 65 | AF11: 交付件数（件） | AG11: 18 | AH11: 712619 | AI11: - | AJ11: - | AK11: - | AL11: - | AM11: - | AN11: - | AO11: - | AP11: - | AQ11: - | AR11: - | AS11: - | AT11: - | AU11: - | AV11: - | AW11: - | AX11: - | AY11: -
A12: ='事業マスタ（管理用）'!F134 -> 0095 | C12: 農林水産省 | D12: 農業共済組合連合会等交付金事業 | E12: 補助金・給付金事業型 | F12: 単独型 | G12: 65054088 | H12: 65054088 | I12: 59100406 | J12: 5953681 | K12: - | L12: - | M12: - | N12: 8.5 | O12: - | P12: - | Q12: - | R12: - | S12: - | T12: - | U12: - | V12: - | W12: - | X12: - | Y12: - | Z12: - | AA12: 0.5 | AB12: 177743 | AC12: 37608550701 | AD12: 0.1 | AE12: 90.8 | AF12: 交付件数（件） | AG12: 1048 | AH12: 62074 | AI12: - | AJ12: - | AK12: - | AL12: - | AM12: - | AN12: - | AO12: - | AP12: - | AQ12: - | AR12: - | AS12: - | AT12: - | AU12: - | AV12: - | AW12: - | AX12: - | AY12: -
A13: ='事業マスタ（管理用）'!F135 -> 0096 | C13: 農林水産省 | D13: 農業共済事業事務費負担金事業 | E13: 補助金・給付金事業型 | F13: 単独型 | G13: 22960266 | H13: 22960266 | I13: 20858967 | J13: 2101299 | K13: - | L13: - | M13: - | N13: 3 | O13: - | P13: - | Q13: - | R13: - | S13: - | T13: - | U13: - | V13: - | W13: - | X13: - | Y13: - | Z13: - | AA13: 0.1 | AB13: 62732 | AC13: 34776571000 | AD13: 0.06 | AE13: 90.8 | AF13: 交付件数（件） | AG13: 87 | AH13: 263911 | AI13: - | AJ13: - | AK13: - | AL13: - | AM13: - | AN13: - | AO13: - | AP13: - | AQ13: - | AR13: - | AS13: - | AT13: - | AU13: - | AV13: - | AW13: - | AX13: - | AY13: -
A14: ='事業マスタ（管理用）'!F136 -> 0097 | C14: 農林水産省 | D14: 農村地域防災減災事業 | E14: 補助金・給付金事業型 | F14: 単独型 | G14: 167142138 | H14: 167142138 | I14: 151575161 | J14: 14327565 | K14: 1239411 | L14: - | M14: - | N14: 21.8 | O14: - | P14: - | Q14: - | R14: - | S14: - | T14: - | U14: - | V14: - | W14: - | X14: - | Y14: - | Z14: - | AA14: 1 | AB14: 456672 | AC14: 70425078966 | AD14: 0.2 | AE14: 90.6 | AF14: 交付件数（件） | AG14: 356 | AH14: 469500 | AI14: - | AJ14: - | AK14: - | AL14: - | AM14: - | AN14: - | AO14: - | AP14: - | AQ14: - | AR14: - | AS14: - | AT14: - | AU14: - | AV14: - | AW14: - | AX14: - | AY14: -
A15: ='事業マスタ（管理用）'!F137 -> 0098 | C15: 農林水産省 | D15: 治山事業 | E15: 補助金・給付金事業型 | F15: 単独型 | G15: 65875406 | H15: 65875406 | I15: 29897852 | J15: 35310673 | K15: 666880 | L15: - | M15: - | N15: 4.3 | O15: - | P15: - | Q15: - | R15: - | S15: - | T15: - | U15: - | V15: - | W15: - | X15: - | Y15: - | Z15: - | AA15: 0.5 | AB15: 179987 | AC15: 35043554324 | AD15: 0.1 | AE15: 45.3 | AF15: 交付件数（件） | AG15: 442 | AH15: 149039 | AI15: - | AJ15: - | AK15: - | AL15: - | AM15: - | AN15: - | AO15: - | AP15: - | AQ15: - | AR15: - | AS15: - | AT15: - | AU15: - | AV15: - | AW15: - | AX15: - | AY15: -
A16: ='事業マスタ（管理用）'!F138 -> 0099 | C16: 農林水産省 | D16: 水産業改良普及事業交付金事業 | E16: 補助金・給付金事業型 | F16: 単独型 | G16: 8113838 | H16: 8113838 | I16: 5562391 | J16: 2535175 | K16: 16272 | L16: - | M16: - | N16: 0.8 | O16: - | P16: - | Q16: - | R16: - | S16: - | T16: - | U16: - | V16: - | W16: - | X16: - | Y16: - | Z16: - | AA16: 0.06 | AB16: 22168 | AC16: 68698000 | AD16: 11.8 | AE16: 68.5 | AF16: 交付件数（件） | AG16: 36 | AH16: 225384 | AI16: 普及指導員数（人） | AJ16: 432 | AK16: 18782 | AL16: - | AM16: - | AN16: - | AO16: - | AP16: - | AQ16: - | AR16: - | AS16: - | AT16: - | AU16: - | AV16: - | AW16: - | AX16: - | AY16: -
A17: ='事業マスタ（管理用）'!F140 -> 0101 | C17: 農林水産省 | D17: 野菜価格安定対策事業（指定野菜価格安定対策事業） | E17: 補助金・給付金事業型 | F17: 外部機関利用型 | G17: 365386991 | H17: 33136787 | I17: 21554266 | J17: 11528724 | K17: 53797 | L17: - | M17: - | N17: 3.1 | O17: 332250203 | P17: 175984899 | Q17: 119854385 | R17: 56130514 | S17: 156026930 | T17: 118464062 | U17: 37562868 | V17: - | W17: 238372 | X17: 15 | Y17: 171910995 | Z17: 47 | AA17: 2 | AB17: 998325 | AC17: 10897207000 | AD17: 3.3 | AE17: 54 | AF17: 指定野菜価格安定対策事業予約数量（トン） | AG17: 2773939 | AH17: 131 | AI17: - | AJ17: - | AK17: - | AL17: - | AM17: - | AN17: - | AO17: - | AP17: - | AQ17: - | AR17: - | AS17: - | AT17: - | AU17: - | AV17: - | AW17: - | AX17: - | AY17: -
A18: ='事業マスタ（管理用）'!F141 -> 0102 | C18: 農林水産省 | D18: 加工原料乳生産者補給金等事業 | E18: 補助金・給付金事業型 | F18: 外部機関利用型 | G18: 173255123 | H18: 14965001 | I18: 9734184 | J18: 5206520 | K18: 24295 | L18: - | M18: - | N18: 1.4 | O18: 158290122 | P18: 106834528 | Q18: 58343987 | R18: 48490541 | S18: 51455594 | T18: 33858110 | U18: 17597484 | V18: - | W18: - | X18: 6.5 | Y18: 56777 | Z18: 0.03 | AA18: 1 | AB18: 473374 | AC18: 34986147859 | AD18: 0.4 | AE18: 67.2 | AF18: 対象事業者数（件） | AG18: 92 | AH18: 1883207 | AI18: - | AJ18: - | AK18: - | AL18: - | AM18: - | AN18: - | AO18: - | AP18: - | AQ18: - | AR18: - | AS18: - | AT18: - | AU18: - | AV18: - | AW18: - | AX18: - | AY18: -
A19: ='事業マスタ（管理用）'!F142 -> 0103 | C19: 農林水産省 | D19: 農業者年金事業 | E19: 補助金・給付金事業型 | F19: 外部機関利用型 | G19: 2620609818 | H19: 8563624 | I19: 5562391 | J19: 2975154 | K19: 26078 | L19: - | M19: - | N19: 0.8 | O19: 2612046194 | P19: 507815540 | Q19: 344942964 | R19: 162872576 | S19: 2104230653 | T19: 2003389731 | U19: 100840922 | V19: - | W19: - | X19: 39.5 | Y19: - | Z19: - | AA19: 21 | AB19: 7160136 | AC19: 87457702653 | AD19: 2.9 | AE19: 19.5 | AF19: 受給権者等数（人） | AG19: 451642 | AH19: 5802 | AI19: - | AJ19: - | AK19: - | AL19: - | AM19: - | AN19: - | AO19: - | AP19: - | AQ19: - | AR19: - | AS19: - | AT19: - | AU19: - | AV19: - | AW19: - | AX19: - | AY19: -
A20: ='事業マスタ（管理用）'!F143 -> 0104 | C20: 農林水産省 | D20: 多面的機能支払交付金事業 | E20: 補助金・給付金事業型 | F20: 外部機関利用型 | G20: 1838145772 | H20: 1838145772 | I20: 214152062 | J20: 20242615 | K20: 1751095 | L20: 1602000000 | M20: - | N20: 30.8 | O20: - | P20: - | Q20: - | R20: - | S20: - | T20: - | U20: - | V20: - | W20: - | X20: - | Y20: - | Z20: - | AA20: 14 | AB20: 5022256 | AC20: 47050000000 | AD20: 3.9 | AE20: 11.6 | AF20: 本事業に取り組む活動組織数（組織） | AG20: 26618 | AH20: 69056 | AI20: 活動組織により保全管理している農用地面積（㏊） | AJ20: 2274027 | AK20: 808 | AL20: 活動組織により保全管理している水路延長（㎞） | AM20: 418984 | AN20: 4387 | AO20: 活動組織により保全管理しているため池の数（箇所） | AP20: 45989 | AQ20: 39969 | AR20: - | AS20: - | AT20: - | AU20: - | AV20: - | AW20: - | AX20: - | AY20: -
A21: ='事業マスタ（管理用）'!F144 -> 0105 | C21: 農林水産省 | D21: 「緑の雇用」新規就業者育成推進事業 | E21: 補助金・給付金事業型 | F21: 外部機関利用型 | G21: 298073425 | H21: 15319861 | I21: 6952989 | J21: 8211784 | K21: 155088 | L21: - | M21: - | N21: 1 | O21: 282753564 | P21: 205534180 | Q21: 97757943 | R21: 107776237 | S21: 77219384 | T21: 51525713 | U21: 25693671 | V21: - | W21: - | X21: 15.5 | Y21: - | Z21: - | AA21: 2 | AB21: 814408 | AC21: 2968980769 | AD21: 10 | AE21: 71.2 | AF21: 研修実施者数（人） | AG21: 2237 | AH21: 133246 | AI21: - | AJ21: - | AK21: - | AL21: - | AM21: - | AN21: - | AO21: - | AP21: - | AQ21: - | AR21: - | AS21: - | AT21: - | AU21: - | AV21: - | AW21: - | AX21: - | AY21: -
A22: ='事業マスタ（管理用）'!F145 -> 0106 | C22: 農林水産省 | D22: 離島漁業再生支援等交付金事業 | E22: 補助金・給付金事業型 | F22: 外部機関利用型 | G22: 79362772 | H22: 79362772 | I22: 22249564 | J22: 10140701 | K22: 65088 | L22: 46907417 | M22: - | N22: 3.2 | O22: - | P22: - | Q22: - | R22: - | S22: - | T22: - | U22: - | V22: - | W22: - | X22: - | Y22: - | Z22: - | AA22: 0.6 | AB22: 216838 | AC22: 1279854150 | AD22: 6.2 | AE22: 28 | AF22: 対象漁業集落が行った取組数（件） | AG22: 1355 | AH22: 58570 | AI22: - | AJ22: - | AK22: - | AL22: - | AM22: - | AN22: - | AO22: - | AP22: - | AQ22: - | AR22: - | AS22: - | AT22: - | AU22: - | AV22: - | AW22: - | AX22: - | AY22: -
A23: ='事業マスタ（管理用）'!F146 -> 0107 | C23: 農林水産省 | D23: 獣医師国家試験業務 | E23: 受益者負担事業型 | F23: 単独型 | G23: 32614794 | H23: 32614794 | I23: 6952989 | J23: 25635882 | K23: 25923 | L23: - | M23: - | N23: 1 | O23: - | P23: - | Q23: - | R23: - | S23: - | T23: - | U23: - | V23: - | W23: - | X23: - | Y23: 17027500 | Z23: 52.2 | AA23: 0.2 | AB23: 89111 | AC23: - | AD23: - | AE23: 21.32 | AF23: 申込者数（人） | AG23: 1225 | AH23: 26624 | AI23: - | AJ23: - | AK23: - | AL23: - | AM23: - | AN23: - | AO23: - | AP23: - | AQ23: - | AR23: - | AS23: - | AT23: - | AU23: - | AV23: - | AW23: - | AX23: - | AY23: -
A24: ='事業マスタ（管理用）'!F147 -> 0108 | C24: 農林水産省 | D24: 輸出入植物検疫業務 | E24: その他事業型 | F24: 単独型 | G24: 8773560084 | H24: 8773560084 | I24: 6583090020 | J24: 1159268665 | K24: 48954663 | L24: 982246736 | M24: 54566049 | N24: 946.8 | O24: - | P24: - | Q24: - | R24: - | S24: - | T24: - | U24: - | V24: - | W24: - | X24: - | Y24: - | Z24: - | AA24: 70 | AB24: 23971475 | AC24: - | AD24: - | AE24: 75 | AF24: 輸出入植物検疫件数（件） | AG24: 1207698 | AH24: 7264 | AI24: - | AJ24: - | AK24: - | AL24: - | AM24: - | AN24: - | AO24: - | AP24: - | AQ24: - | AR24: 無形固定資産（システム） | AS24: 135182520 | AT24: 5 | AU24: 27036504 | AV24: 無形固定資産（システム） | AW24: 78841080 | AX24: 5 | AY24: 31536432
A25: ='事業マスタ（管理用）'!F148 -> 0109 | C25: 農林水産省 | D25: 輸出入動畜産物検疫業務 | E25: その他事業型 | F25: 単独型 | G25: 3935756867 | H25: 3935756867 | I25: 2302134670 | J25: 405401198 | K25: 17119654 | L25: 1211101345 | M25: 6076226 | N25: 331.1 | O25: - | P25: - | Q25: - | R25: - | S25: - | T25: - | U25: - | V25: - | W25: - | X25: - | Y25: - | Z25: - | AA25: 31 | AB25: 10753434 | AC25: - | AD25: - | AE25: 58.4 | AF25: 動畜産物輸出入検査件数（件） | AG25: 674702 | AH25: 5833 | AI25: - | AJ25: - | AK25: - | AL25: - | AM25: - | AN25: - | AO25: - | AP25: - | AQ25: - | AR25: 無形固定資産（システム） | AS25: 11664000 | AT25: 5 | AU25: 4665600 | AV25: - | AW25: - | AX25: - | AY25: -
C26: 農林水産省 | D26: 水産基盤整備事業（直轄） | E26: その他事業型 | F26: 単独型 | G26: 3888067237 | H26: 3888067237 | I26: 52147417 | J26: 23767269 | K26: 152551 | L26: 3812000000 | M26: - | N26: 7.5 | O26: - | P26: - | Q26: - | R26: - | S26: - | T26: - | U26: - | V26: - | W26: - | X26: - | Y26: - | Z26: - | AA26: 31 | AB26: 10623134 | AC26: - | AD26: - | AE26: 1.3 | AF26: フロンティア漁場整備事業整備地区あたりコスト（地区） | AG26: 4 | AH26: 972016809 | AI26: - | AJ26: - | AK26: - | AL26: - | AM26: - | AN26: - | AO26: - | AP26: - | AQ26: - | AR26: - | AS26: - | AT26: - | AU26: - | AV26: - | AW26: - | AX26: - | AY26: -
C27: 農林水産省 | D27: 牛肉トレーサビリティ業務委託事業 | E27: その他事業型 | F27: 外部機関利用型 | G27: 292196456 | H27: 59022979 | I27: 51452118 | J27: 7187661 | K27: 383200 | L27: - | M27: - | N27: 7.4 | O27: 233173477 | P27: 20646162 | Q27: 20646162 | R27: - | S27: 212527315 | T27: 212515153 | U27: 12162 | V27: - | W27: - | X27: 4.5 | Y27: - | Z27: - | AA27: 2 | AB27: 798350 | AC27: - | AD27: - | AE27: 24.6 | AF27: DNA鑑定照合用サンプル採取点数（点） | AG27: 1037068 | AH27: 281 | AI27: DNA鑑定分析点数（点） | AJ27: 20004 | AK27: 14606 | AL27: - | AM27: - | AN27: - | AO27: - | AP27: - | AQ27: - | AR27: - | AS27: - | AT27: - | AU27: - | AV27: - | AW27: - | AX27: - | AY27: -
C28: 農林水産省 | D28: 輸出環境整備推進事業（輸出先国の主要輸出障壁実態調査、データ収集等事業） | E28: その他事業型 | F28: 外部機関利用型 | G28: 24335552 | H28: 6416270 | I28: 4171793 | J28: 2231365 | K28: 13112 | L28: - | M28: - | N28: 0.6 | O28: 17919282 | P28: 14196036 | Q28: 14196036 | R28: - | S28: 3723246 | T28: 3723246 | U28: - | V28: - | W28: - | X28: 3 | Y28: - | Z28: - | AA28: 0.1 | AB28: 66490 | AC28: - | AD28: - | AE28: 75.4 | AF28: 報告書等作成件数（件） | AG28: 3 | AH28: 8111850 | AI28: - | AJ28: - | AK28: - | AL28: - | AM28: - | AN28: - | AO28: - | AP28: - | AQ28: - | AR28: - | AS28: - | AT28: - | AU28: - | AV28: - | AW28: - | AX28: - | AY28: -
C29: 農林水産省 | D29: 国立研究開発法人農業・食品産業技術総合研究機構農業機械化促進業務 | E29: その他事業型 | F29: 外部機関利用型 | G29: 2414545184 | H29: 10689286 | I29: 6952989 | J29: 3718943 | K29: 17354 | L29: - | M29: - | N29: 1 | O29: 2403855898 | P29: 1445969748 | Q29: 645690432 | R29: 800279316 | S29: 814484910 | T29: 681626769 | U29: 132858141 | V29: 143401221 | W29: 19 | X29: 73 | Y29: 108652172 | Z29: 4.4 | AA29: 19 | AB29: 6597117 | AC29: - | AD29: - | AE29: 60.1 | AF29: 研究課題数（件) | AG29: 84 | AH29: 28744585 | AI29: - | AJ29: - | AK29: - | AL29: - | AM29: - | AN29: - | AO29: - | AP29: - | AQ29: - | AR29: - | AS29: - | AT29: - | AU29: - | AV29: - | AW29: - | AX29: - | AY29: -
C30: 農林水産省 | D30: 森林病害虫等被害対策事業（森林害虫駆除事業委託） | E30: その他事業型 | F30: 外部機関利用型 | G30: 285622958 | H30: 6127943 | I30: 2781195 | J30: 3284713 | K30: 62035 | L30: - | M30: - | N30: 0.4 | O30: 279495015 | P30: 82157230 | Q30: 82157230 | R30: - | S30: 197337785 | T30: 195527831 | U30: 1809954 | V30: - | W30: - | X30: 12.8 | Y30: - | Z30: - | AA30: 2 | AB30: 780390 | AC30: - | AD30: - | AE30: 29.7 | AF30: 市町村・事業体件数（件） | AG30: 33 | AH30: 8655241 | AI30: - | AJ30: - | AK30: - | AL30: - | AM30: - | AN30: - | AO30: - | AP30: - | AQ30: - | AR30: - | AS30: - | AT30: - | AU30: - | AV30: - | AW30: - | AX30: - | AY30: -
A31: ='事業マスタ（管理用）'!F149 -> 0110 | C31: 農林水産省 | D31: 水産資源調査・評価に係る業務 | E31: その他事業型 | F31: 外部機関利用型 | G31: 5703328059 | H31: 25003130 | I31: 20858967 | J31: 4085517 | K31: 58646 | L31: - | M31: - | N31: 3 | O31: 5678324929 | P31: 766332490 | Q31: 766332490 | R31: - | S31: 4911992439 | T31: 4911992439 | U31: - | V31: - | W31: - | X31: - | Y31: - | Z31: - | AA31: 46 | AB31: 15582863 | AC31: - | AD31: - | AE31: 0.3 | AF31: 資源評価対象魚種数（種） | AG31: 135 | AH31: 42246874 | AI31: - | AJ31: - | AK31: - | AL31: - | AM31: - | AN31: - | AO31: - | AP31: - | AQ31: - | AR31: - | AS31: - | AT31: - | AU31: - | AV31: - | AW31: - | AX31: - | AY31: -
C32: （注）「国における職員数」は、「人にかかるコスト」等を算出する際に把握した事業・業務に従事した各職員の事業・業務に係る概ねの業務量の割合の合計値を参考として表示したものであり、事業・業務に実際に従事している「実員数」や「定員数」を表すものではありません。
C33: なお、「通関業務」においては、「通関業務」の規模感が推測可能となり、水際取締りに支障をきたす可能性があるため非表示としています。
C34: （注2）事業別フルコスト情報の作成要領に基づき、コスト算出の見直し等を行ったことから、過年度公表済のデータベースと計数が異なることがあります。

Sheet 様式２（別添１）
B4: 事業別フルコスト情報の開示について
C8: ○ | D8: 国が行政サービスを行うには、そのサービスを実施するために直接要するコスト（事業費）
D9: 以外にも、サービスを行う公務員の「給与（人件費）」や、電気代・水道代などの「光熱費
D10: （物件費）」、使用している庁舎の「減価償却費」といった様々なコストが発生します。
C12: ○ | D12: フルコストは、こういった国の行政サービスを「人」、「物」、「事業」の３つの性質に分
D13: けて計算したコストの合計となります。
C15: ○ | D15: また、フルコストを「利用者１人当たり○○円」、「国民１人当たり○○円」という情報等
D16: を含めて、フルコスト情報という形で開示することで、行政サービスを受けるためにどの程
D17: 度の負担が必要なのかイメージしやすくなります。
C19: ○ | D19: 省庁別財務書類の参考情報として、代表的な事業のフルコスト情報を開示することにより、
D20: 国民の皆様に各省庁等の政策に関する理解を深めていただくとともに、職員のコスト意識を
D21: 更に向上させ、より効率的・効果的な事業の執行に努めてまいります。

Sheet 様式２（別添2）
A3: 【参考】フルコストの算定方法について
A5: フルコストの算定にあたっては、国家公務員給与等実態調査（人事院）及び省庁別財務書類における業務費用計算書等を活用して算定しております。
A7: １．人にかかるコスト
A8: 国家公務員給与等実態調査より算定した平均給与額等に、事業・業務に従事する各職員の概ねの業務量の割合を合計して算出した職員数を乗じて、当該事業・業務に係る「人にかかるコスト」を算出しております。
A10: ２．物にかかるコスト
A11: 業務費用計算書に計上されている庁費等の事務費の金額を、まずは各部局へ配分を行い、次に各部局から事業単位へ配分して当該事業・業務に係る「物にかかるコスト」を算出しております。
A13: ３．庁舎等（減価償却費）
A14: 庁舎等（減価償却費）についても、上記「２．物にかかるコスト」と同様、業務費用計算書に計上されている金額を、まずは各部局へ配分を行い、次に各部局から事業単位へ配分して当該事業・業務に係る「庁舎等（減価償却費）」を算出しております。
A16: ４．事業コスト
A17: 業務費用計算書に計上されている事業・業務に直接要する費用を事業コストとして算出しております。なお、「補助金・給付金事業型」については、資源配分（現金等の給付額）に要したコスト（間接コスト）をフルコストとして算出しているため、資源配分額そのものは含まれておりません。
A19: ５．独立行政法人等におけるフルコストの算定方法
A20: 独立行政法人等を通じて事業・業務を実施している場合においては、「セグメント情報」や「行政コスト計算書」等を活用して、独立行政法人等において発生したコストを算出しております。
... A49: 農林水産省大臣官房予算課 電話番号 ０３-３５０２-８１１１（内線：３１６７）
